 Dungeon Crawl Stone Soup version 0.32-a0-772-g33df2375a9 (webtiles) character file.

Game seed: 13307959885964537807

18680373 atutco the Conqueror (level 27, 298/298 HPs)
             Began as a Naga Hedge Wizard on Mar 18, 2024.
             Was the Champion of Cheibriados.
             Escaped with the Orb
             ... and 15 runes on Mar 19, 2024!
             The game lasted 14:59:40 (82633 turns).

atutco the Conqueror (Naga Hedge Wizard)           Turns: 82633, Time: 14:59:40

Health: 298/298    AC: 49    Str: 33    XL:     27
Magic:  52/52      EV: 19    Int: 41    God:    Cheibriados [******]
Gold:   12518      SH: 38    Dex: 36    Spells: 7/58 levels left

rFire   + + +        y - +7 broad axe (elec)
rCold   + + +        u - +8 tower shield {rC+}
rNeg    + . .        s - +4 leather armour of Chimes {rF+++ Regen+ Dex-5 SInv}
rPois   +            M - +2 helmet of Teirink {Dex+8}
rElec   +            U - +2 cloak {rCorr}
rCorr   +            L - +0 pair of fencer's gloves {Riposte Dex+3}
SInv    +            w - +10 Black Knight's barding {ponderous, rPois rN+}
Will    ++++.        G - amulet of Cufam {rF++ rC+ Will+ RegenMP+ Int-3}
Stlth   +++          X - ring of Icaruyj {Wiz Str+2 Dex+3}
HPRegen 1.49/turn    B - ring of Owen {rC++ MP+9 Int+3}
MPRegen 0.73/turn

%: wizardry (x1)
@: very slow
A: AC +9, large, see invisible, deformed body, poison resistance, slowness 2,
spit poison 1, naga tail 2, iridescent scales 1, mutation resistance 1,
electricity resistance, strong 1, MP-powered wands
0: Orb of Zot
}: 15/15 runes: serpentine, barnacled, slimy, silver, golden, iron, obsidian,
icy, bone, abyssal, demonic, glowing, magical, fiery, dark
a: Spit Poison, Renounce Religion, Bend Time, Temporal Distortion, Slouch, Step
From Time


You escaped.
You worshipped Cheibriados.
Cheibriados was exalted by your worship.
You visited 18 branches of the dungeon, and saw 86 of its levels.
You visited Pandemonium 1 time, and saw 15 of its levels.
You visited the Abyss 7 times.
You visited 2 ziggurats, and saw 20 of their levels (deepest: 10).
You also visited: Ossuary, Bailey, Gauntlet and Wizlab.

You collected 16827 gold pieces.
You spent 4309 gold pieces at shops.

Inventory:

Hand Weapons
 d - a +5 heavy eveningstar
 i - a +9 broad axe of flaming
 r - a +0 heavy broad axe
 t - the +8 trishula "Condemnation" {holy, anguish, *Noise Fly rN+}
   (You found it on level 5 of the Pits of Slime)

   rN+:       It protects you from negative energy.
   Fly:       It grants you flight.
   *Noise:    It may make a loud noise when swung.
 y - a +7 broad axe of electrocution (weapon)
 T - a +8 broad axe of venom
Missiles
 f - 12 javelins (quivered)
 D - 7 silver javelins
Armour
 b - +3 gold dragon scales
 h - a +1 pair of gloves of fire resistance
 s - the +4 leather armour of Chimes (worn) {rF+++ Regen+ Dex-5 SInv}
   (You took it off a deep elf archer on level 3 of the Elven Halls)

   Dex-5:     It affects your dexterity (-5).
   rF+++:     It renders you almost immune to fire.
   SInv:      It lets you see invisible.
   Regen+:    It increases your rate of health regeneration.
 u - a +8 tower shield of cold resistance (worn)
 w - the +10 Black Knight's barding (worn) {ponderous, rPois rN+}
   (You found it on level 3 of the Tomb of the Ancients)

   rPois:     It protects you from poison.
   rN+:       It protects you from negative energy.
 L - the +0 pair of fencer's gloves (worn) {Riposte Dex+3}
   (You found it on level 10 of a ziggurat)

   Riposte:   It allows the wearer to riposte with melee weapons, swiftly
   retaliating against missed or blocked melee attacks.
   Dex+3:     It affects your dexterity (+3).
 M - the +2 helmet of Teirink (worn) {Dex+8}
   (You found it on level 3 of the Tomb of the Ancients)

   Dex+8:     It affects your dexterity (+8).
 O - the +1 scale mail of Irphioz {+Inv rElec rN+++ Str-3}
   (You bought it in a shop on level 2 of the Snake Pit)

   Str-3:     It affects your strength (-3).
   rElec:     It insulates you from electricity.
   rN+++:     It renders you almost immune to negative energy.
   +Inv:      It lets you turn invisible.
 P - the +1 cloak of Wariness {rElec rF+}
   (You found it on level 7 of Gehenna)

   rF+:       It protects you from fire.
   rElec:     It insulates you from electricity.
 U - a +2 cloak of preservation (worn)
 V - the scarf of Wichoy {repulsion, rElec rPois}
   (You found it on level 5 of the Vaults)

   rElec:     It insulates you from electricity.
   rPois:     It protects you from poison.
Magical Staves
 j - the staff "Teliexte" {rN+ Str+2 Dex+3 Conj}
   (You found it on level 3 of the Tomb of the Ancients)

   [staff of conjuration]

   Base accuracy: +5 Base damage: 5 Base attack delay: 1.2 This weapon's minimum
   attack delay (0.6) is reached at skill level 12.
   Str+2:     It affects your strength (+2).
   Dex+3:     It affects your dexterity (+3).
   rN+:       It protects you from negative energy.
   Conj:      It increases the power of your Conjurations spells.
   It falls into the 'Staves' category.
   It is a one-handed weapon.
 Y - the staff "Rifunlim" {rC+ rN+ Dex+3 SInv Ice}
   (You found it on level 9 of a ziggurat)

   [staff of cold]

   Base accuracy: +5 Base damage: 5 Base attack delay: 1.2 This weapon's minimum
   attack delay (0.6) is reached at skill level 12.
   Dex+3:     It affects your dexterity (+3).
   rC+:       It protects you from cold.
   rN+:       It protects you from negative energy.
   SInv:      It lets you see invisible.
   Ice:       It increases the power of your Ice spells.
   It falls into the 'Staves' category.
   It is a one-handed weapon.
Jewellery
 k - an amulet of regeneration
 n - the amulet of Hunilil {Reflect rPois Str+4 SH+5}
   (You found it in Pandemonium)

   [amulet of reflection]

   Reflect:   It reflects blocked missile attacks.
   Str+4:     It affects your strength (+4).
   rPois:     It protects you from poison.
   SH+5:      It affects your SH (+5).
 A - the ring of Nudun {rElec rC+ Int-5 Dex+3}
   (You found it in Pandemonium)

   [ring of protection from cold]

   Int-5:     It affects your intelligence (-5).
   Dex+3:     It affects your dexterity (+3).
   rC+:       It protects you from cold.
   rElec:     It insulates you from electricity.
 B - the ring of Owen (right hand) {rC++ MP+9 Int+3}
   (You found it on level 1 of the Lair of Beasts)

   [ring of magical power]

   Int+3:     It affects your intelligence (+3).
   rC++:      It greatly protects you from cold.
   MP+9:      It affects your magic capacity (+9).
 F - the ring of Zigg {rC+ rCorr}
   (You found it on level 7 of Gehenna)

   [ring of resist corrosion]

   rC+:       It protects you from cold.
   rCorr:     It protects you from acid and corrosion.
 G - the amulet of Cufam (around neck) {rF++ rC+ Will+ RegenMP+ Int-3}
   (You found it in Pandemonium)

   [amulet of magic regeneration]

   It increases your rate of magic regeneration.
   Int-3:     It affects your intelligence (-3).
   rF++:      It greatly protects you from fire.
   rC+:       It protects you from cold.
   Will+:     It increases your willpower.
   RegenMP+:  It increases your rate of magic regeneration.
 N - the ring of Pessimism {rElec rPois rCorr Stlth+}
   (You found it on level 7 of a ziggurat)

   [ring of resist corrosion]

   rElec:     It insulates you from electricity.
   rPois:     It protects you from poison.
   rCorr:     It protects you from acid and corrosion.
   Stlth+:    It makes you more stealthy.
 W - the amulet "Xelihonk" {rN+ Will++ RegenMP+ MP+9 Int-4}
   (You found it in Pandemonium)

   [amulet of magic regeneration]

   It increases your rate of magic regeneration.
   Int-4:     It affects your intelligence (-4).
   rN+:       It protects you from negative energy.
   Will++:    It greatly increases your willpower.
   MP+9:      It affects your magic capacity (+9).
   RegenMP+:  It increases your rate of magic regeneration.
 X - the ring of Icaruyj (left hand) {Wiz Str+2 Dex+3}
   (You found it on level 5 of the Pits of Slime)

   [ring of wizardry]

   Wiz:       It improves your spell success rate.
   Str+2:     It affects your strength (+2).
   Dex+3:     It affects your dexterity (+3).
Talismans
 J - the death talisman "Cemu" {Will+ Int+4}
   (You acquired it in a Gauntlet)

   [talisman of death]

   Int+4:     It affects your intelligence (+4).
   Will+:     It increases your willpower.
 Z - a granite talisman
Wands
 o - a wand of acid (42)
 E - a wand of roots (106)
 S - a wand of digging (2)
Scrolls
 c - 17 scrolls of fog
 g - 8 scrolls of amnesia
 p - 5 scrolls of teleportation
 q - a scroll of immolation
 x - 7 scrolls of butterflies
 H - 2 scrolls of revelation
Potions
 a - 15 potions of curing
 e - 16 potions of mutation
 l - 2 potions of heal wounds
 m - 9 potions of might
 v - 9 potions of attraction
 z - 13 potions of enlightenment
 C - 12 potions of brilliance
 I - 3 potions of magic
 K - 11 potions of resistance
 Q - 9 potions of cancellation
Miscellaneous
 R - a lightning rod (4/4)


   Skills:
 O Level 27 Fighting
 - Level 2.0 Long Blades
 - Level 24.1(25.3) Axes
 - Level 2.9(16.3) Maces & Flails
 - Level 13.4(20.3) Polearms
 - Level 2.0 Throwing
 - Level 26.3 Armour
 - Level 10.0 Dodging
 - Level 16.0 Stealth
 - Level 26.0 Shields
 * Level 16.2 Spellcasting
 - Level 17.0 Conjurations
 - Level 6.0 Hexes
 - Level 8.0 Summonings
 - Level 10.0 Necromancy
 - Level 2.0 Translocations
 - Level 18.0 Fire Magic
 - Level 6.8 Ice Magic
 - Level 10.0 Air Magic
 - Level 17.0 Earth Magic
 - Level 7.0 Alchemy
 - Level 13.0 Invocations
 - Level 1.0 Evocations
 - Level 23.0 Shapeshifting


You had 7 spell levels left.
You knew the following spells:

 Your Spells              Type           Power      Damage    Failure   Level
a - Dispel Undead         Necr           86%        3d28      1%          4
b - Yara's Violent Unrav  Hex/Alch       36%        3d15      1%          5
c - Lesser Beckoning      Tloc           98%        N/A       1%          2
d - Blink                 Tloc           98%        N/A       1%          2
e - Conjure Ball Lightni  Conj/Air       48%        3x3d17    1%          6
f - Animate Armour        Summ/Erth      100%       N/A       1%          4
g - Bombard               Conj/Erth      53%        9d9       1%          6
h - Freezing Cloud        Conj/Ice/Air   45%        6-21      1%          5
i - Lehudib's Crystal Sp  Conj/Erth      53%        10d13     2%          8
j - Ignition              Fire           55%        3d15      1%          8
k - Apportation           Tloc           98%        N/A       1%          1

Your spell library contained the following spells:

 Spells                   Type           Power      Damage    Failure   Level
 Foxfire                  Conj/Fire      100%       2x1d9     0%          1
 Magic Dart               Conj           100%       1d8       0%          1
 Necrotise                Necr           100%       1d9       0%          1
 Sandblast                Erth           100%       2d20      0%          1
 Shock                    Conj/Air       100%       1d9       0%          1
 Sting                    Conj/Alch      100%       1d9       0%          1
 Scorch                   Fire           100%       2d9       0%          2
 Searing Ray              Conj           100%       2d8       0%          2
 Sublimation of Blood     Necr           86%        N/A       0%          2
 Hailstorm                Conj/Ice       92%        3d15      0%          3
 Passwall                 Erth           100%       N/A       0%          3
 Stone Arrow              Conj/Erth      100%       3d13      0%          3
 Brom's Barrelling Bould  Conj/Erth      100%       2d11      0%          4
 Flame Wave               Conj/Fire      100%       2d21      0%          4
 Fireball                 Conj/Fire      54%        3d21      0%          5
 Freeze                   Ice            100%       1d10      1%          1
 Slow                     Hex            100%       N/A       1%          1
 Summon Small Mammal      Summ           100%       N/A       1%          1
 Call Imp                 Summ           100%       N/A       1%          2
 Cigotuvi's Dreadful Rot  Necr/Alch/Air  100%       N/A       1%          2
 Jinxbite                 Hex            100%       N/A       1%          2
 Mercury Vapours          Alch/Air       100%       N/A       1%          2
 Momentum Strike          Conj/Tloc      100%       3d10      1%          2
 Call Canine Familiar     Summ           78%        N/A       1%          3
 Confusing Touch          Hex            70%        N/A       1%          3
 Dazzling Flash           Conj/Hex       100%       N/A       1%          3
 Frozen Ramparts          Ice            100%       1d16      1%          3
 Fugue of the Fallen      Necr           86%        N/A       1%          3
 Gell's Gravitas          Tloc           49%        N/A       1%          3
 Mephitic Cloud           Conj/Alch/Air  90%        N/A       1%          3
 Ozocubu's Armour         Ice            73%        N/A       1%          3
 Sigil of Binding         Hex            70%        N/A       1%          3
 Summon Ice Beast         Ice/Summ       76%        N/A       1%          3
 Swiftness                Air            86%        N/A       1%          3
 Teleport Other           Tloc           49%        N/A       1%          3
 Tukima's Dance           Hex            70%        N/A       1%          3
 Vampiric Draining        Necr           86%        2d12      1%          3
 Volatile Blastmotes      Fire/Tloc      100%       2d18      1%          3
 Airstrike                Air            43%        2d(7-23)  1%          4
 Anguish                  Hex/Necr       39%        N/A       1%          4
 Animate Dead             Necr           86%        N/A       1%          4
 Dimensional Bullseye     Hex/Tloc       30%        N/A       1%          4
 Fulminant Prism          Conj/Alch      46%        3d21      1%          4
 Ignite Poison            Fire/Alch      94%        N/A       1%          4
 Iskenderun's Mystic Bla  Conj/Tloc      84%        2d17      1%          4
 Leda's Liquefaction      Alch/Erth      46%        N/A       1%          4
 Manifold Assault         Tloc           49%        N/A       1%          4
 Martyr's Knell           Necr/Summ      82%        N/A       1%          4
 Olgreb's Toxic Radiance  Alch           74%        N/A       1%          4
 Passage of Golubria      Tloc           49%        N/A       1%          4
 Petrify                  Alch/Erth      93%        N/A       1%          4
 Sticky Flame             Fire/Alch      94%        2d14      1%          4
 Summon Blazeheart Golem  Fire/Summ      96%        N/A       1%          4
 Summon Lightning Spire   Summ/Air       82%        N/A       1%          4
 Vhi's Electric Charge    Tloc/Air       100%       N/A       1%          4
 Alistair's Intoxication  Alch           49%        N/A       1%          5
 Arcjolt                  Conj/Air       48%        1d58      1%          5
 Borgnjor's Vile Clutch   Necr/Erth      48%        N/A       1%          5
 Curse of Agony           Necr           86%        N/A       1%          5
 Irradiate                Conj/Alch      46%        3d27      1%          5
 Iskenderun's Battlesphe  Conj           100%       2d15      1%          5
 Lee's Rapid Deconstruct  Erth           53%        3d25*     1%          5
 Metabolic Englaciation   Hex/Ice        36%        N/A       1%          5
 Silence                  Hex/Air        39%        N/A       1%          5
 Summon Forest            Summ/Tloc      32%        N/A       1%          5
 Summon Mana Viper        Hex/Summ       74%        N/A       1%          5
 Death Channel            Necr           43%        N/A       1%          6
 Permafrost Eruption      Ice/Erth       46%        2x4d13    1%          6
 Plasma Beam              Fire/Air       49%        2x1d64    1%          6
 Orb of Destruction       Conj           53%        9d13      1%          7
 Spellforged Servitor     Conj/Summ      47%        N/A       1%          7
 Summon Cactus Giant      Summ           39%        N/A       2%          6
 Eringya's Noxious Bog    Alch           37%        4d6       3%          6
 Sculpt Simulacrum        Ice/Alch       37%        N/A       3%          6
 Haunt                    Necr/Summ      41%        N/A       9%          7
 Monstrous Menagerie      Summ           39%        N/A       12%         7
 Summon Hydra             Summ           39%        N/A       12%         7
 Ozocubu's Refrigeration  Ice            36%        4d15      19%         7
 Dispersal                Tloc           24%        N/A       26%         6
 Enfeeble                 Hex            35%        N/A       26%         7
 Malign Gateway           Summ/Tloc      32%        N/A       38%         7
 Borgnjor's Revivificati  Necr           43%        N/A       38%         8
 Infestation              Necr           43%        N/A       38%         8
 Summon Horrible Things   Summ           39%        N/A       65%         8
 Discord                  Hex            35%        N/A       88%         8
 Death's Door             Necr           43%        N/A       99%         9
 Disjunction              Tloc           24%        N/A       100%        8
 Polar Vortex             Ice            36%        12d4*     100%        9


Dungeon Overview and Level Annotations

Branches:
Dungeon (15/15)            Temple (1/1) D:7            Lair (5/5) D:9
 Shoals (4/4) Lair:2        Snake (4/4) Lair:3        Slime (5/5) Lair:4
    Orc (2/2) D:9             Elf (3/3) Orc:2        Vaults (5/5) D:13
  Crypt (3/3) Vaults:3       Tomb (3/3) Crypt:3      Depths (4/4) D:15
   Hell (visited)             Dis (7/7) Hell            Geh (7/7) Hell
    Coc (7/7) Hell            Tar (7/7) Hell            Zot (5/5) Depths:4
Ossuary (visited)          Bailey (visited)          WizLab (visited)
Gauntlet (visited)

Altars:
Ashenzari
Cheibriados
Dithmenos
Elyvilon
Fedhas
Gozag
Hepliaklqana
Kikubaaqudgha
Makhleb
Nemelex Xobeh
Okawaru
Qazlal
Ru
Sif Muna
Trog
Uskayaw
Vehumet
Wu Jian
Xom
Yredelemnul
Zin
The Shining One
Beogh
Lugonu

Shops:
D:6 *   Orc:2 !*[([   Elf:2 *[?(   Elf:3 ?   Snake:2 [[=[   Vaults:1 *
Vaults:2 *   Vaults:3 :   Vaults:4 [   Vaults:5 :   Crypt:3 *   Depths:1 *
Depths:2 !   Depths:4 *

Portals:
Hell: Depths:1 Depths:2 Depths:3 Depths:4
Abyss: Lair:5 Depths:3 Depths:4
Pandemonium: Depths:2


Innate Abilities, Weirdness & Mutations

Your serpentine skin is tough. (AC +9)
You have supernaturally acute eyesight. (SInv)
Armour fits poorly on your strangely shaped body.
Your system is resistant to poisons. (rPois)
You cover ground very slowly.
You can spit poison.
You can use your snake-like lower body to constrict enemies.
You are partially covered in iridescent scales. (AC +2)
You are somewhat resistant to further mutation.
You are resistant to electric shocks. (rElec)
Your muscles are strong. (Str +4, Int/Dex -1)
You expend magic power (3 MP) to strengthen your wands.


Message History

You block the Orb Guardian's attack.
You hit the Orb Guardian.
The Orb Guardian decays.
Lightning courses through the Orb Guardian!
You kill the Orb Guardian!
Cheibriados appreciates the change of pace.
No target in view!
What level of the Dungeon? (default 1, ? - help) HP restored.
There is a stone staircase leading up here.
You climb upwards.
There is a stone staircase leading down here.
Okay, then.
There is an open door here.
There is an open door here.
A soul eater comes into view.
There is a staircase leading out of the dungeon here.
What are your orders? t - Shout!
Orders for allies: a - Attack new target. r - Retreat! s - Stop attacking. g - Guard the area. f - Follow me.
Anything else - Cancel.
You shout for attention!
You block the soul eater's attack.
You riposte.
You closely miss the soul eater. You grab the soul eater.
You hit the soul eater but do no damage.
You constrict the soul eater. You block the soul eater's attack.
You hit the soul eater but do no damage.
The soul eater is lightly wounded.
You constrict the soul eater! You block the soul eater's attack.
You chop the soul eater into pieces!!!
The soul eater decays.
Lightning courses through the soul eater!
You kill the soul eater!
Cheibriados appreciates the change of pace.
No target in view!
You begin untransforming.
You continue untransforming. x3
You feel yourself come back to life.
There is a staircase leading out of the dungeon here.
There is a staircase leading out of the dungeon here.
You have escaped!

##.# #.# #.# # ##.# #.# ##'## #
##.# #.# ######...## ...# #.#
#.........## ## ####
#.####+####.....## ##.
.##########.#.......#......####..
............#.ß.ß.ß.#......'..÷..
.##########.#.......#....).####..
.# ######.'.ß.@.ß.'.....## ##. .#
#......#.......#....######## .#
#.######.ß.ß.ß.#...###...... .#
#.# ##.#.......##+## #.##### .#
#.# #..####+#####.####.##### .#
#.# #....#..# #........##... .#
#.# #.#.##.## #...####÷##.## ##
#.###.#.##.# ##.>.......#.##
#.......##.# #.......#......


There were no monsters in sight!

Vanquished Creatures
  Cerebov (Pan)
  Antaeus (Coc:7)
  Asmodeus (Geh:7)
  Gloorx Vloq (Pan)
  Mnoleg (Pan)
  the Royal Jelly (Slime:5)
  Ereshkigal (Tar:7)
  the Serpent of Hell (Geh:7)
  Lom Lobon (Pan)
  16 ancient liches
  Dispater (Dis:7)
  15 dread liches
  Khufu (Tomb:3)
  Frederick (Depths:3)
  3 orbs of fire (Zot:5)
  6 juggernauts
  19 shard shrikes
  37 royal mummies
  6 Killer Klowns
  Vv (Zot:2)
  Boris (twice) (Depths:1 Tomb:2)
  2 curse toes (Crypt:3)
  48 caustic shrikes
  8 pandemonium lords
  18 golden dragons
  7 profane servitors
  Geryon (Hell)
  A pearl dragon (Abyss:7)
  22 doom hounds
  2 electric golems (Zot:5)
  25 Tzitzimimeh
  45 bone dragons
  29 hellephants
  14 iron giants
  19 Brimstone Fiends
  2 walking crystal tomes (Depths:3)
  24 Ice Fiends
  3 spectral shard shrikes
  20 tentacled monstrosities
  15 tainted leviathans
  26 Hell Sentinels
  31 Orb Guardians
  Grunn (Zot:2)
  4 deep elf blademasters (Elf:3)
  15 liches
  10 sphinxes
  10 quicksilver dragons
  3 walking earthen tomes
  5 deep elf master archers
  38 tentacled starspawn
  21 ancient champions
  24 searing wretches
  26 titans
  A walking divine tome (Depths:4)
  19 acid blobs
  2 krakens
  28 Executioners
  A thorn hunter (WizLab)
  Polyphemus (Shoals:3)
  10 shadow dragons
  10 tengu reavers
  13 protean progenitors
  18 storm dragons
  13 azure jellies
  6 death cobs
  9 draconian knights
  A fenstrider witch (shapeshifter) (Zig:9)
  6 demonspawn warmongers
  3 fenstrider witches (WizLab)
  7 nagarajas
  14 rockslimes
  22 fire giants
  11 frost giants
  Ilsuiw (Shoals:3)
  10 draconian monks
  5 revenants
  15 draconian scorchers
  18 narguns
  2 emperor scorpions (Zot:4)
  A spectral caustic shrike (Tar:2)
  5 draconian shifters
  7 iron dragons
  21 quicksilver elementals
  6 ghost moths
  13 vault wardens
  9 deep elf sorcerers
  10 shard shrike simulacra
  An angel (Abyss:6)
  8 curse skulls
  6 deep elf elementalists
  11 ironbound preservers
  41 balrugs
  22 cacodemons
  7 demonspawn corrupters (Pan)
  6 draconian stormcallers
  18 reapers
  2 orc warlords
  11 draconian annihilators
  7 ironbound thunderhulks
  An ophan (Abyss:6)
  A spriggan defender (Depths:3)
  2 ghouls (Crypt:2)
  53 very ugly things
  15 quicksilver oozes
  12 formless jellyfish
  2 caustic shrike skeletons (Pan)
  12 stone giants
  5 demonspawn blood saints
  18 putrid mouths
  7 vampire knights
  A juggernaut skeleton (Pan)
  17 green draconians
  31 elemental wellsprings
  3 deep elf demonologists (Elf:3)
  A spectral titan (Tar:2)
  7 demonspawn black suns (Pan)
  8 deep elf death magi
  18 red draconians
  20 black draconians
  16 white draconians
  4 eleionomae
  27 war gargoyles
  19 yellow draconians
  5 bennus
  13 wendigos
  16 purple draconians
  A minotaur (shapeshifter) (Abyss:6)
  7 lorocyprocas
  152 starcursed masses
  5 dire elephants
  10 deep elf annihilators
  A minotaur (Shoals:2)
  6 spark wasps
  4 merfolk javelineers
  19 eidola
  Josephine (D:11)
  2 jiangshi (Crypt:2)
  11 merfolk impalers
  20 blizzard demons
  7 ettins
  6 fire dragons
  6 crystal guardians
  28 mummy priests
  An entropy weaver (shapeshifter) (Elf:1)
  16 iron golems
  2 spectral quicksilver dragons (Tar:2)
  2 shambling mangroves
  6 green deaths
  15 yaktaur captains
  3 spectral spriggans (Tar:1)
  5 deep elf high priests
  3 entropy weavers
  6 rakshasas
  10 great orbs of eyes
  8 caustic shrike simulacra
  A great orb of eyes (shapeshifter) (Abyss:6)
  3 peacekeepers
  A hydra (Zig:8)
  8 juggernaut simulacra
  3 ogre magi
  5 salamander tyrants
  16 ice dragons
  32 vault guards
  3 death knights
  7 centaur warriors
  4 jorogumos (Pan)
  6 ironbound frosthearts
  6 boulder beetles
  2 hell beasts (Pan)
  4 catoblepae
  2 radroaches (Pan)
  7 satyrs
  2 spriggan air magi (Depths:4)
  6 anacondas
  3 merfolk aquamancers
  5 tengu warriors
  7 stokers
  A sphinx skeleton (Depths:1)
  6 two-headed ogres
  16 death yaks
  2 merfolk avatars
  33 dancing weapons
  39 death scarabs
  49 hell hogs
  5 deep troll shamans
  116 thrashing horrors
  2 deep troll earth magi
  4 orc high priests
  8 vampire magi
  A quicksilver ooze zombie (Crypt:1)
  11 naga sharpshooters
  2 occultists
  2 demonic crawlers (Pan)
  An emperor scorpion zombie (Crypt:1)
  32 wretched stars
  13 naga warriors
  16 deep elf knights
  53 sun demons
  9 hell knights (Abyss:6)
  15 shock serpents
  24 soul eaters
  A storm dragon zombie (Crypt:1)
  9 skysharks
  2 hellephant skeletons (Pan)
  7 salamander mystics
  22 sixfirhies
  20 shadow wraiths
  11 iron trolls
  32 skeletal warriors
  9 crystal echidnas
  A storm dragon skeleton (Crypt:3)
  A deep troll (shapeshifter) (Depths:3)
  A spectral catoblepas (Gauntlet)
  A spriggan druid (Zig:8)
  33 deep trolls
  8 spatial maelstroms
  A death drake (Zig:8)
  8 mana vipers
  4 quicksilver dragon simulacra
  2 sea snakes (shapeshifter) (Vaults:5)
  2 mana vipers (shapeshifter) (Vaults:5)
  9 glowing orange brains
  An anaconda zombie (Hell)
  8 flayed ghosts
  An orb spider (shapeshifter) (Abyss:7)
  4 arcanists
  22 sea snakes
  99 slime creatures
  6 sun moths (Pan)
  A spectral anaconda (Tar:3)
  9 naga ritualists
  7 necromancers
  Pikel (D:6)
  6 swamp dragons
  3 obsidian statues
  9 spriggan simulacra
  7 orange crystal statues
  A bog body (Crypt:2)
  10 deep elf archers
  A glowing orange brain (shapeshifter) (Zig:9)
  26 deep elf zephyrmancers
  6 thermic dynamos
  12 phantasmal warriors
  23 ironbound convokers
  7 lindwurms
  2 golden dragon skeletons (Depths:2)
  10 shadow demons
  2 anaconda skeletons
  A lightning spire (Gauntlet)
  9 orc sorcerers
  44 ugly things
  15 harpies
  76 large abominations
  7 orc knights
  The ghost of Nattfarinn the Geomancer, a novice DEEE of Ashenzari (D:8)
  9 shining eyes
  35 deep elf pyromancers
  An alligator zombie (Hell)
  An iron dragon zombie (Tomb:1)
  24 fauns
  A will-o-the-wisp (Abyss:6)
  16 manticores
  An elf skeleton (Vaults:1)
  An oklob plant (WizLab)
  4 wolf spiders
  7 worldbinders
  2 spectral ettins
  A faun (shapeshifter) (Depths:4)
  5 stone giant skeletons
  17 moths of wrath
  2 elephants (shapeshifter)
  6 elephants
  45 salamanders
  7 kobold blastminers
  7 meliai
  4 cyclopes
  2 spectral centaurs
  9 apocalypse crabs
  2 black mambas (shapeshifter)
  An alligator skeleton (Hell)
  An iron dragon skeleton (Depths:1)
  A meliai (shapeshifter) (Elf:1)
  A salamander (shapeshifter) (Abyss:6)
  A water nymph (shapeshifter) (Vaults:4)
  5 guardian serpents
  8 ice statues
  15 merfolk sirens
  18 vault sentinels
  37 black mambas
  9 eyes of devastation
  2 gargoyles (D:12)
  7 water nymphs
  A dire elephant zombie (Hell)
  19 orange demons
  21 naga magi
  4 molten gargoyles (Hell)
  5 rust devils
  An eye of devastation (shapeshifter) (Abyss:7)
  A naga skeleton (Tomb:3)
  5 titan simulacra
  53 smoke demons
  Maggie (D:6)
  A green draconian zombie (Crypt:2)
  8 unseen horrors (Abyss:6)
  A rime drake (Lair:1)
  26 tormentors
  36 yaktaurs
  A yellow draconian zombie (Crypt:2)
  27 hellions
  A cane toad (shapeshifter) (Abyss:6)
  11 cane toads
  2 orb spider zombies (Crypt:3)
  4 spriggan zombies
  Jeremiah (D:8)
  4 efreet
  6 komodo dragons
  2 tengu conjurers (Depths:1)
  An iron troll zombie (Crypt:2)
  12 freezing wraiths
  43 guardian mummies
  2 golden dragon simulacra (Coc:7)
  3 hydra zombies (Hell)
  6 red devils (Pan)
  An iron giant simulacrum (Coc:7)
  3 anaconda simulacra
  A sea snake skeleton (Hell)
  5 silent spectres
  A queen bee (Abyss:7)
  12 spectral harpies
  4 trolls
  2 polar bears
  44 ancient zymes
  A bloated husk (Zig:8)
  8 wind drakes
  A harpy zombie (Tomb:1)
  A merfolk (shapeshifter) (Abyss:6)
  2 harpy skeletons
  24 merfolk
  7 hornets
  13 hellwings
  A polar bear (shapeshifter) (Zig:9)
  66 raiju
  31 blink frogs
  A tarantella (Vaults:3)
  2 iron dragon simulacra (Coc:7)
  2 raiju (shapeshifter)
  9 dream sheep
  14 snapping turtles
  A dream sheep (shapeshifter) (Elf:1)
  A meliai zombie (Crypt:3)
  2 stone giant simulacra
  A glass eye (shapeshifter) (Depths:3)
  3 glass eyes
  An ice dragon zombie (Crypt:1)
  A fire giant simulacrum (Zig:8)
  A jumping spider (Vaults:4)
  4 air elementals
  A guardian serpent skeleton (Crypt:2)
  A spectral black mamba (Snake:2)
  9 centaur simulacra
  2 ettin skeletons
  18 water elementals
  20 ushabtiu
  A yak (shapeshifter) (Elf:1)
  18 shadows
  2 shock serpent simulacra (Snake:2)
  A vampire (D:11)
  A spriggan (shapeshifter) (D:15)
  2 spriggans
  2 wyverns
  An alligator snapping turtle simulacrum (Coc:2)
  9 fire bats
  8 wraiths
  8 fire elementals
  A human (shapeshifter) (D:15)
  A basilisk (shapeshifter) (Elf:1)
  7 dire elephant simulacra
  16 golden eyes
  49 yaks
  A sea snake simulacrum (Hell)
  17 ynoxinuls
  6 basilisks
  A redback (shapeshifter) (Abyss:6)
  A redback (Vaults:5)
  34 neqoxecs
  6 wargs
  2 steam dragons
  A vampire mosquito (Zig:8)
  24 small abominations
  11 chaos spawn
  6 spatial vortices
  17 harpy simulacra
  48 nagas
  10 hell hounds
  2 naga zombies
  3 spectral nagas
  A two-headed ogre skeleton (Crypt:1)
  12 water moccasins
  A hydra simulacrum (Coc:2)
  A demonspawn skeleton (Crypt:1)
  6 ice beasts
  2 sky beasts
  A hornet zombie (Crypt:2)
  2 guardian serpent simulacra (Snake:2)
  A human zombie (Vaults:1)
  29 orc warriors
  2 black bears (D:6)
  A glowing shapeshifter skeleton (Vaults:1)
  70 laughing skulls
  An ice beast (shapeshifter) (Lair:5)
  2 ettin simulacra
  A crocodile (shapeshifter) (Lair:5)
  A blink frog zombie (Crypt:1)
  A manticore zombie (Crypt:1)
  4 boggarts (Vaults:2)
  14 wolves
  A tengu (shapeshifter) (Elf:2)
  5 ogres
  5 centaurs
  2 lemures (D:6)
  2 lindwurm skeletons
  4 kobold brigands
  A phantom (D:5)
  5 weeping skulls
  A yaktaur zombie (Crypt:3)
  A brain worm (Pan)
  3 earth elementals
  2 scorpions
  14 bullfrogs
  A glowing shapeshifter simulacrum (Depths:1)
  21 wights
  A yak zombie (Crypt:3)
  A nameless horror (D:13)
  A howler monkey (D:7)
  4 electric eels
  3 lava snakes
  2 crimson imps (Abyss:7)
  A hound (D:5)
  A black bear zombie (Crypt:1)
  10 orc priests
  A gnoll bouda (D:7)
  An iron imp (Abyss:3)
  A sleepcap (D:5)
  2 iguanas (D:9)
  17 orc wizards
  7 naga simulacra
  4 hell rats (Lair:2)
  An acid dragon zombie (Crypt:1)
  An ogre skeleton (Crypt:3)
  54 mummies
  4 adders
  10 gnolls
  A steam dragon zombie (Crypt:2)
  3 shadow imps
  9 white imps
  6 ufetubi
  A dart slug (D:3)
  49 orcs
  4 bats
  A bat skeleton (Crypt:2)
  A bat zombie (Crypt:3)
  2 endoplasms (D:4)
  A giant cockroach (D:4)
  A gnoll zombie (Ossuary)
  3 goblins
  5 hobgoblins
  A jackal (D:1)
  29 kobolds
  4 quokkas
  5 ball pythons
  4 frilled lizards
  2 kobold zombies (Ossuary)
  2 rats
  An aspiring flesh (Pan)
  8 ball lightnings
  A butterfly (Lair:5)
  5 creeping infernos
  16 fire vortices
  3 lurking horrors
  3 spectral weapons
  43 starspawn tentacles
  6 tentacles
4836 creatures vanquished.

Vanquished Creatures (collateral kills)
  3 bone dragons
  2 liches (Abyss:7)
  A Hell Sentinel (Abyss:6)
  2 tentacled starspawn
  A shadow dragon (Abyss:7)
  The ghost of Iheguu the Devastator, an adept DsEE of Vehumet (Snake:2)
  A reaper (Abyss:7)
  2 very ugly things
  A minotaur (Gauntlet)
  An entropy weaver (D:13)
  2 centaur warriors
  A hydra (D:14)
  A two-headed ogre (D:13)
  2 naga warriors (Snake:4)
  A hell hog (Abyss:7)
  A thrashing horror (Abyss:6)
  2 wretched stars (Abyss:6)
  2 spatial maelstroms (Abyss:7)
  3 large abominations
  2 orc knights
  5 cyclopes
  2 manticores (D:14)
  3 smoke demons (Abyss:7)
  An elf skeleton (Vaults:1)
  2 komodo dragons
  A tengu conjurer (D:14)
  4 trolls
  2 ancient zymes (Abyss:7)
  A glass eye (Abyss:7)
  Grinder (D:6)
  2 raiju
  A fire giant simulacrum (Vaults:1)
  5 slime creatures
  3 wraiths
  Sigmund (D:3)
  6 yaks
  2 neqoxecs (Abyss:6)
  A naga (Snake:4)
  A spatial vortex (Abyss:7)
  2 laughing skulls (D:13)
  A centaur (D:9)
  7 starcursed masses
  2 phantoms
  A kobold brigand (D:7)
  A weeping skull (Abyss:6)
  A bullfrog (D:7)
  A scorpion (D:5)
  A wight (D:6)
  A howler monkey (D:13)
  A hound (D:7)
  2 jellies
  An orc priest (D:3)
  A gnoll (D:7)
  4 adders
  A shadow imp (D:8)
  An ufetubus (D:5)
  A dart slug (D:4)
  12 orcs
  3 ball pythons
  2 bats (D:2)
  3 endoplasms
  A giant cockroach (D:3)
  3 goblins
  A hobgoblin (D:1)
  2 jackals (D:1)
  A quokka (D:4)
  A frilled lizard (D:1)
  2 gnoll zombies (Ossuary)
  3 kobolds
  A kobold zombie (Ossuary)
  2 orc zombies (Ossuary)
  A starspawn tentacle (Abyss:6)
144 creatures vanquished.

Vanquished Creatures (others)
  A shard shrike (Coc:7)
  2 bone dragons
  A Tzitzimitl (Tar:2)
  A doom hound (Tar:7)
  A hellephant (Geh:3)
  A tentacled starspawn (Abyss:7)
  An eldritch tentacle (Pan)
  2 draconian knights
  A frost giant (Coc:2)
  A balrug (Geh:3)
  A shard shrike simulacrum (Coc:7)
  A cacodemon (Pan)
  A reaper (Tar:3)
  An elemental wellspring (Coc:3)
  A bennu (Tomb:3)
  A war gargoyle (Dis:7)
  An eidolon (Tar:7)
  A juggernaut simulacrum (Coc:7)
  2 thrashing horrors (Abyss:7)
  A deep elf knight (Elf:2)
  2 glowing orange brains (Abyss:6)
  A shadow demon (Abyss:6)
  A deep elf zephyrmancer (Elf:1)
  3 spriggan simulacra
  A deep elf pyromancer (Elf:2)
  5 large abominations (Abyss:6)
  A titan simulacrum (Coc:6)
  2 golden dragon simulacra (Coc:7)
  A bunyip simulacrum (Coc:1)
  2 iron giant simulacra (Coc:7)
  A spectral guardian serpent (Snake:2)
  A raiju (Abyss:6)
  A stone giant simulacrum (Coc:2)
  2 ynoxinuls
  4 neqoxecs
  A small abomination (Abyss:6)
  A dire elephant simulacrum (Coc:1)
  13 golden eyes
  A spatial vortex (Abyss:6)
  A hell hound (Abyss:7)
  3 harpy simulacra
  A weeping skull (Abyss:6)
  2 naga simulacra
  A lava snake (Lair:3)
  A starcursed mass (Abyss:6)
  An orc (Orc:2)
  259 ball lightnings
  6 creeping infernos
  A fire vortex (Geh:4)
  6 lurking horrors
  64 starspawn tentacles
  7 tentacles
420 creatures vanquished.

Grand Total: 5400 creatures vanquished

Notes
Turn   | Place    | Note
-------+----------+-------------------------------------------
     0 | D:1      | atutco the Naga Hedge Wizard began the quest for the Orb.
     0 | D:1      | Reached XP level 1. HP: 15/15 MP: 4/4
   354 | D:1      | Reached XP level 2. HP: 22/22 MP: 3/6
   357 | D:1      | Learned a level 2 spell: Call Imp
  1121 | D:2      | You fall into a shaft and drop 1 floor!
  1181 | D:3      | Reached XP level 3. HP: 28/28 MP: 4/7
  1185 | D:3      | Learned a level 3 spell: Mephitic Cloud
  1188 | D:3      | Learned a level 2 spell: Blink
  1713 | D:2      | Reached XP level 4. HP: 36/36 MP: 4/8
  2459 | D:3      | Reached XP level 5. HP: 21/42 MP: 6/10
  2597 | D:3      | Noticed Sigmund
  2607 | D:3      | Killed Sigmund
  2608 | D:3      | Reached skill level 1 in Air Magic
  2608 | D:3      | Reached XP level 6. HP: 46/49 MP: 6/12
  3012 | D:4      | Noticed a steam dragon
  3028 | D:4      | Killed a steam dragon
  3029 | D:4      | Reached XP level 7. HP: 39/55 MP: 4/13
  3078 | D:4      | Found a glowing silver altar of Zin.
  3301 | D:4      | Found a sacrificial altar of Ru.
  3398 | D:5      | Entered Level 5 of the Dungeon
  3528 | D:5      | Reached skill level 1 in Fighting
  3528 | D:5      | Reached XP level 8. HP: 64/64 MP: 7/14
  3719 | D:5      | Reached skill level 1 in Polearms
  4050 | D:5      | Reached skill level 2 in Fighting
  4050 | D:5      | Reached skill level 5 in Spellcasting
  4050 | D:5      | Reached skill level 5 in Summonings
  4067 | D:5      | Reached skill level 5 in Stealth
  4143 | D:6      | Noticed Pikel
  4154 | D:6      | Reached skill level 3 in Fighting
  4156 | D:6      | Reached skill level 4 in Fighting
  4167 | D:6      | Found Miat Lired's Specific Store.
  4185 | D:6      | Noticed Grinder
  4202 | D:6      | Reached XP level 9. HP: 53/79 MP: 5/16
  4206 | D:6      | Killed Grinder
  4207 | D:6      | Reached skill level 5 in Fighting
  4210 | D:6      | Found Viliwk's General Store.
  4217 | D:6      | Bought a scroll of brand weapon for 95 gold pieces
  4217 | D:6      | Bought a scroll of identify for 20 gold pieces
  4217 | D:6      | Bought a potion of curing for 30 gold pieces
  4221 | D:6      | Bought a scroll of teleportation for 36 gold pieces
  4241 | D:6      | Killed Pikel
  4242 | D:6      | Reached skill level 7 in Fighting
  4391 | D:6      | Learned a level 3 spell: Stone Arrow
  4429 | D:6      | Reached skill level 8 in Fighting
  4533 | D:6      | Found a sand-covered staircase.
  4540 | Ossuary  | Entered an ossuary
  4657 | Ossuary  | Reached skill level 1 in Earth Magic
  5108 | D:6      | Found a shadowy altar of Dithmenos.
  5111 | D:6      | Found an opulent altar of Gozag.
  5114 | D:6      | Found an ornate altar of the Wu Jian Council.
  5175 | D:6      | Noticed Maggie
  5192 | D:6      | Killed Maggie
  5193 | D:6      | Reached XP level 10. HP: 98/98 MP: 13/17
  5431 | D:7      | Found a white marble altar of Elyvilon.
  5504 | D:7      | Found a burning altar of Makhleb.
  5505 | D:7      | Found a hazy altar of Hepliaklqana.
  5658 | D:7      | Found a glowing golden altar of the Shining One.
  5788 | D:7      | Found a staircase to the Ecumenical Temple.
  5802 | Temple   | Entered the Ecumenical Temple
  5817 | Temple   | Became a worshipper of Cheibriados the Contemplative
  5995 | D:8      | Found a sparkling altar of Nemelex Xobeh.
  6085 | D:8      | Reached skill level 1 in Evocations
  6357 | D:8      | Reached * piety under Cheibriados
  6434 | D:8      | Reached skill level 9 in Fighting
  6438 | D:8      | Reached skill level 1 in Long Blades
  6773 | D:8      | Noticed Jeremiah
  6812 | D:8      | Killed Jeremiah
  6813 | D:8      | Reached skill level 5 in Conjurations
  6988 | D:8      | Found a runed translucent door.
  6992 | D:8      | Noticed Nattfarinn's ghost (novice DEEE)
  7170 | D:8      | Killed Nattfarinn's ghost
  7171 | D:8      | Reached skill level 5 in Earth Magic
  7171 | D:8      | Reached XP level 11. HP: 92/106 MP: 6/20
  7192 | D:9      | Found a staircase to the Lair.
  7211 | D:9      | Reached ** piety under Cheibriados
  7272 | D:9      | Found a flagged portal.
  7272 | D:9      | Noticed a two-headed ogre
  7287 | D:9      | Killed a two-headed ogre
  7297 | D:9      | Identified the +1 hand axe "Bexifohe" {freeze, Dex+3
                  | Stlth+}
  7302 | Bailey   | Entered a bailey
  7693 | D:9      | Learned a level 4 spell: Animate Armour
  7718 | D:9      | Reached *** piety under Cheibriados
  7809 | D:9      | Noticed a cyclops
  7874 | D:9      | Killed a cyclops
  7923 | D:9      | Found a staircase to the Orcish Mines.
  7936 | D:9      | Noticed a white ugly thing
  7960 | D:9      | Killed a white ugly thing
  8126 | D:9      | Reached skill level 1 in Armour
  8518 | Lair:1   | Entered Level 1 of the Lair of Beasts
  8579 | Lair:1   | Noticed a death yak
  8579 | Lair:1   | Noticed a death yak
  8582 | Lair:1   | Noticed a death yak
  8582 | Lair:1   | Noticed a death yak
  8584 | Lair:1   | Reached skill level 10 in Fighting
  8585 | Lair:1   | Noticed a death yak
  8599 | D:10     | Entered Level 10 of the Dungeon
  8602 | D:10     | Reached **** piety under Cheibriados
  8672 | D:10     | Learned a level 6 spell: Bombard
  8704 | D:10     | Reached XP level 12. HP: 116/116 MP: 22/24
  8940 | D:10     | Reached skill level 1 in Invocations
  8987 | D:10     | Noticed a two-headed ogre
  8993 | D:10     | Killed a two-headed ogre
  9456 | D:11     | Noticed a two-headed ogre
  9472 | D:11     | Killed a two-headed ogre
  9563 | D:11     | Noticed Josephine
  9575 | D:11     | Killed Josephine
  9584 | D:11     | Reached ***** piety under Cheibriados
  9653 | D:11     | Noticed a boulder beetle
  9673 | D:11     | Killed a boulder beetle
  9705 | D:11     | Reached skill level 10 in Spellcasting
 10189 | Orc:1    | Entered Level 1 of the Orcish Mines
 10319 | Orc:2    | Entered Level 2 of the Orcish Mines
 10331 | Orc:2    | Reached skill level 5 in Armour
 10337 | Orc:2    | Gained mutation: You can use your snake-like lower body to
                  | constrict enemies. [Naga growth]
 10337 | Orc:2    | Reached XP level 13. HP: 122/123 MP: 12/27
 10339 | Orc:2    | Noticed an orc warlord
 10353 | Orc:2    | Reached skill level 5 in Invocations
 10354 | Orc:2    | Killed an orc warlord
 10425 | Orc:2    | Found a gate leading to a gauntlet.
 10426 | Orc:2    | Found a staircase to the Elven Halls.
 10428 | Orc:2    | Found Niref Koe's Assorted Antiques.
 10436 | Orc:2    | Bought a scroll labelled AWKANL FOWNALL for 28 gold pieces
 10436 | Orc:2    | Bought a potion of curing for 84 gold pieces
 10436 | Orc:2    | Bought a brightly glowing golden amulet for 140 gold pieces
 10436 | Orc:2    | Identified the amulet "Pazio" {Spirit +Blink} (You bought
                  | it in a shop on level 2 of the Orcish Mines)
 10436 | Orc:2    | Bought a fine zirconium amulet for 140 gold pieces
 10436 | Orc:2    | Identified the amulet "Saubluq" {rPois rN+ RegenMP+ Int-5
                  | Dex+3} (You bought it in a shop on level 2 of the Orcish
                  | Mines)
 10444 | Gauntlet | Entered a Gauntlet
 10444 | Gauntlet | Found a transporter.
 10449 | Gauntlet | Found a transporter.
 10453 | Gauntlet | Found a transporter.
 10458 | Gauntlet | Found a transporter.
 10466 | Gauntlet | Found a transporter.
 10467 | Gauntlet | Found a transporter.
 10469 | Gauntlet | Noticed a balrug
 10472 | Gauntlet | Found a transporter.
 10475 | Gauntlet | Found a transporter.
 10479 | Gauntlet | Found a transporter.
 10481 | Gauntlet | Noticed a great orb of eyes
 10484 | Gauntlet | Found a transporter.
 10487 | Gauntlet | Found a transporter.
 10491 | Gauntlet | Found a transporter.
 10496 | Gauntlet | Found a transporter.
 10500 | Gauntlet | Found a transporter.
 10526 | Gauntlet | Identified a scroll of acquirement
 10526 | Gauntlet | Acquired the death talisman "Cemu" {Will+ Int+4}
 10759 | Gauntlet | Killed a balrug
 10812 | Gauntlet | Killed a great orb of eyes
 10954 | Gauntlet | Noticed a minotaur
 10979 | Gauntlet | Killed a minotaur
 11443 | Orc:2    | Reached skill level 1 in Throwing
 11495 | Orc:2    | Found Muhoxt's Armour Emporium.
 11495 | Orc:2    | Found Qevvyx's Distillery.
 11504 | Orc:2    | Found Rerph's Antique Armour Boutique.
 11504 | Orc:2    | Found Giwergh's Antique Weapon Emporium.
 11524 | Orc:2    | Bought a potion of curing for 48 gold pieces
 11524 | Orc:2    | Bought 2 potions of curing for 96 gold pieces
 11524 | Orc:2    | Bought a potion of heal wounds for 80 gold pieces
 11524 | Orc:2    | Bought a potion of brilliance for 64 gold pieces
 11524 | Orc:2    | Bought a potion of mutation for 128 gold pieces
 11524 | Orc:2    | Bought a potion of attraction for 48 gold pieces
 11814 | Orc:1    | Found a roughly hewn altar of Beogh.
 12010 | D:12     | Reached XP level 14. HP: 129/130 MP: 25/28
 12123 | D:12     | Found a sacrificial altar of Ru.
 12993 | D:13     | Learned a level 5 spell: Freezing Cloud
 13179 | D:13     | Found a gate to the Vaults.
 13189 | D:13     | Noticed an ironbound preserver
 13193 | D:13     | Killed an ironbound preserver
 13601 | D:14     | Reached skill level 1 in Ice Magic
 13882 | D:15     | Entered Level 15 of the Dungeon
 14238 | Lair:1   | Reached skill level 1 in Shapeshifting
 14362 | Lair:1   | Reached skill level 1 in Shields
 14464 | Lair:1   | Identified the ring of Owen {rC++ MP+9 Int+3}
 15164 | Lair:2   | Reached XP level 15. HP: 35/140 MP: 29/29
 15494 | Lair:2   | Found a staircase to the Shoals.
 15546 | Lair:2   | Learned a level 8 spell: Lehudib's Crystal Spear
 15662 | Lair:3   | Found a staircase to the Snake Pit.
 16406 | Snake:1  | Entered Level 1 of the Snake Pit
 16470 | Snake:1  | Reached skill level 10 in Armour
 16757 | Snake:1  | Reached skill level 5 in Air Magic
 16852 | Snake:1  | Reached ****** piety under Cheibriados
 17253 | Snake:2  | Found Justiah's Superior Scales.
 17266 | Snake:2  | Bought the +1 scale mail of Irphioz {+Inv rElec rN+++
                  | Str-3} for 581 gold pieces
 17308 | Snake:2  | Found Homou's Antique Armour Shoppe.
 17310 | Snake:2  | Found a runed translucent gate.
 17310 | Snake:2  | Found a runed translucent gate.
 17316 | Snake:2  | Bought a transparent ring mail for 261 gold pieces
 17316 | Snake:2  | Identified the +0 ring mail of the Swan {rCorr Int+2 Dex-3}
                  | (You bought it in a shop on level 2 of the Snake Pit)
 17384 | Snake:2  | Found a transporter.
 17391 | Snake:2  | Found Jiruge's Antique Armour Emporium.
 17393 | Snake:2  | Found a transporter.
 17437 | Snake:2  | Found a runed translucent gate.
 17440 | Snake:2  | Found Upnanen's Jewellery Shop.
 17442 | Snake:2  | Noticed Iheguu's ghost (adept DsEE)
 17486 | Snake:2  | Killed Iheguu's ghost
 17596 | Snake:2  | Reached skill level 10 in Stealth
 18146 | Snake:3  | Reached XP level 16. HP: 139/147 MP: 28/30
 18261 | Snake:3  | Reached skill level 5 in Ice Magic
 18272 | Snake:3  | Identified the +11 spear of Honesty {elec, rF+ rCorr Int-5
                  | SInv}
 18304 | Snake:3  | Reached skill level 10 in Conjurations
 18308 | Snake:3  | Reached skill level 10 in Invocations
 19114 | Snake:3  | Identified the +1 dagger "Wienk" {antimagic, rCorr Int+3}
 19284 | Snake:4  | Entered Level 4 of the Snake Pit
 19324 | Snake:4  | Reached skill level 5 in Shields
 19758 | Snake:4  | Reached XP level 17. HP: 86/154 MP: 30/31
 20397 | Snake:4  | Reached skill level 10 in Shields
 20841 | Snake:4  | Got a serpentine rune of Zot
 21069 | Shoals:1 | Entered Level 1 of the Shoals
 22376 | Shoals:2 | Found a hide-covered altar of Uskayaw.
 22394 | Shoals:2 | Reached XP level 18. HP: 159/163 MP: 32/32
 22470 | Shoals:2 | Identified the +9 longbow of Hacking and Slashing {drain,
                  | rElec rC+ rN+ Str-2}
 22815 | Shoals:3 | Noticed Ilsuiw
 22820 | Shoals:3 | Noticed Polyphemus
 22829 | Shoals:3 | Killed Polyphemus
 22829 | Shoals:3 | Killed Ilsuiw
 23174 | Shoals:3 | Reached skill level 15 in Shields
 23364 | Shoals:4 | Entered Level 4 of the Shoals
 23554 | Shoals:4 | Identified the +6 plate armour "Puoh" {Slay+3 Stlth+}
 23825 | Shoals:4 | Got a barnacled rune of Zot
 24017 | Shoals:4 | Got the Thoughts on the Vector
 24384 | Lair:4   | Found a staircase to the Slime Pits.
 24913 | Lair:4   | Identified the +1 dagger "Inniuliv" {antimagic, Will-
                  | Dex+3}
 25278 | Lair:5   | Entered Level 5 of the Lair of Beasts
 25395 | Lair:5   | Acquired the +1 pair of gloves of Loss {Will+ Int+2}
 25427 | Lair:5   | Reached XP level 19. HP: 127/170 MP: 33/33
 26340 | Lair:5   | Found a corrupted altar of Lugonu.
 26340 | Lair:5   | Found a one-way gate to the infinite horrors of the Abyss.
 26347 | Lair:5   | Got Sif Muna's Elucidation of Transportation and the
                  | Commander
 26644 | Elf:1    | Entered Level 1 of the Elven Halls
 26976 | Elf:1    | Got the Almanac of the Hornet
 27495 | Elf:1    | You fall into a shaft and drop 1 floor!
 27498 | Elf:2    | Reached skill level 5 in Shapeshifting
 27544 | Elf:2    | Paralysed by an air elemental for 1 turns
 27620 | Elf:2    | Found a runed translucent gate.
 27620 | Elf:2    | Found a runed translucent gate.
 27621 | Elf:2    | Found a runed translucent gate.
 27810 | Elf:2    | Found Pog Hig's Armour Boutique.
 27811 | Elf:2    | Found Jafah Jamu's Weapon Shop.
 27811 | Elf:2    | Found Pihash's General Store.
 27814 | Elf:2    | Found Aruuluys's Magic Scroll Shop.
 27839 | Elf:2    | Bought a scroll of enchant weapon for 120 gold pieces
 27844 | Elf:2    | Bought a potion of curing for 48 gold pieces
 27844 | Elf:2    | Bought a scroll of enchant armour for 120 gold pieces
 27999 | Elf:2    | Identified the +1 demon whip of Myrabakuss {freeze, rPois
                  | rC++}
 28686 | Elf:2    | Reached XP level 20. HP: 178/178 MP: 35/35
 29016 | Elf:3    | Entered Level 3 of the Elven Halls
 29069 | Elf:3    | Found a magical portal.
 29074 | WizLab   | Entered Eringya's Formal Garden
 29291 | WizLab   | Reached skill level 11 in Fighting
 29319 | WizLab   | Reached skill level 1 in Maces & Flails
 29594 | WizLab   | Found a blossoming altar of Fedhas.
 29630 | WizLab   | Learned a level 4 spell: Dispel Undead
 29950 | Elf:2    | Found a shimmering blue altar of Sif Muna.
 30186 | Elf:3    | Found Beajoun's Magic Scroll Shoppe.
 30195 | Elf:3    | Bought a scroll of brand weapon for 152 gold pieces
 30209 | Elf:3    | Paralysed by an air elemental for 1 turns
 30212 | Elf:3    | Paralysed by an air elemental for 1 turns
 30214 | Elf:3    | Paralysed by an air elemental for 1 turns
 30218 | Elf:3    | Paralysed by an air elemental for 1 turns
 30264 | Elf:3    | Found a shimmering blue altar of Sif Muna.
 30379 | Elf:3    | Identified the +6 war axe of Beogh's Outrage {flame, +Blink
                  | Will+ Int-4}
 30394 | Elf:3    | Reached skill level 1 in Necromancy
 30410 | Elf:3    | Reached skill level 1 in Axes
 30410 | Elf:3    | Reached skill level 10 in Earth Magic
 30477 | Elf:3    | Identified the orb "Wyur" {light, rElec Will- Stlth+ Air}
 30592 | Elf:3    | Identified the +4 leather armour of Chimes {rF+++ Regen+
                  | Dex-5 SInv}
 30618 | Elf:2    | Learned a level 5 spell: Yara's Violent Unravelling
 30621 | Elf:3    | Identified the +8 falchion of the Thing {heavy, Int+5}
 30626 | Elf:3    | Reached skill level 1 in Hexes
 31263 | Elf:3    | Identified the +4 sling "Yzokud Unui" {freeze, rElec rN+}
 31279 | Elf:3    | Identified the staff of the Undead {Will- Str+6 Conj
                  | Alchemy}
 31688 | D:15     | Reached XP level 21. HP: 184/187 MP: 36/36
 31709 | D:15     | Identified the +7 chain mail of Uskayaw's Regard {rF+
                  | Stlth+}
 31764 | D:15     | Reached skill level 5 in Alchemy
 31940 | D:15     | Reached skill level 5 in Hexes
 31985 | D:15     | Found a white marble altar of Elyvilon.
 31997 | D:15     | Acquired the Catalogue of Conjury
 32143 | D:15     | Found a staircase to the Depths.
 32256 | D:15     | Found a glowing golden altar of the Shining One.
 32256 | D:15     | Found a glowing silver altar of Zin.
 32602 | Vaults:1 | Entered Level 1 of the Vaults
 32602 | Vaults:1 | Found Mimil's Assorted Antiques.
 32613 | Vaults:1 | Bought a potion of curing for 84 gold pieces
 32613 | Vaults:1 | Bought a potion of enlightenment for 140 gold pieces
 32613 | Vaults:1 | Bought a potion of lignification for 84 gold pieces
 32712 | Vaults:1 | You fall into a shaft and drop 1 floor!
 33364 | Vaults:1 | Reached skill level 5 in Necromancy
 33397 | Vaults:1 | Reached skill level 5 in Axes
 34251 | Vaults:2 | Found Huomol's General Store.
 34366 | Vaults:2 | Bought 2 potions of lignification for 78 gold pieces
 34919 | Vaults:3 | Found a staircase to the Crypt.
 35077 | Vaults:3 | Reached XP level 22. HP: 190/195 MP: 31/37
 35080 | Vaults:3 | Reached skill level 10 in Shapeshifting
 35100 | Vaults:3 | Learned a level 6 spell: Conjure Ball Lightning
 35363 | Vaults:3 | Found Nuudomn's Book Emporium.
 35380 | Vaults:3 | Bought a book of Spatial Translocations for 306 gold pieces
 36423 | Vaults:4 | Found Wirghec's Armour Shoppe.
 36789 | Crypt:1  | Entered Level 1 of the Crypt
 37397 | Crypt:1  | Reached skill level 10 in Air Magic
 38148 | Crypt:2  | Identified the +7 orcbow "Beastslayer" {freeze, rElec Will+
                  | Int-2}
 38716 | Crypt:2  | Identified the +0 buckler "Ygesch" {rN+ Str+3 Int-5 Dex+3}
 38978 | Crypt:3  | Entered Level 3 of the Crypt
 38978 | Crypt:3  | Found a staircase to the Tomb.
 39044 | Crypt:2  | Learned a level 2 spell: Lesser Beckoning
 39421 | Crypt:3  | Reached XP level 23. HP: 202/202 MP: 38/38
 39423 | Crypt:3  | Noticed a curse toe
 39429 | Crypt:3  | Killed a curse toe
 39585 | Crypt:3  | Found Inoomn's Globular Garage.
 39681 | Crypt:3  | Noticed a curse toe
 39689 | Crypt:3  | Killed a curse toe
 39781 | Crypt:3  | Identified the +1 quarterstaff of the Moon {heavy, rC+
                  | Dex+2}
 40136 | Crypt:3  | Noticed an ancient lich
 40136 | Crypt:3  | Noticed a dread lich
 40150 | Crypt:3  | Killed an ancient lich
 40155 | Crypt:3  | Killed a dread lich
 40172 | Crypt:3  | Noticed a dread lich
 40177 | Crypt:3  | Gained mutation: You are clumsy. (Dex -2) [you]
 40184 | Crypt:3  | Killed a dread lich
 40185 | Crypt:3  | Lost mutation: You are clumsy. (Dex -2) [potion of
                  | mutation]
 40185 | Crypt:3  | Gained mutation: You have hidden genetic potential. [potion
                  | of mutation]
 40185 | Crypt:3  | Gained mutation: You are occasionally teleported next to
                  | monsters. [potion of mutation]
 40185 | Crypt:3  | Gained mutation: You can exhale a cloud of poison. [potion
                  | of mutation]
 40185 | Crypt:3  | Gained mutation: You have an increased reservoir of magic.
                  | (+10% MP) [potion of mutation]
 40186 | Crypt:3  | Lost mutation: You have an increased reservoir of magic.
                  | (+10% MP) [potion of mutation]
 40186 | Crypt:3  | Lost mutation: You have hidden genetic potential. [potion
                  | of mutation]
 40186 | Crypt:3  | Lost mutation: You can exhale a cloud of poison. [potion of
                  | mutation]
 40186 | Crypt:3  | Gained mutation: You are weak. (Str -2) [potion of
                  | mutation]
 40186 | Crypt:3  | Gained mutation: You do not regenerate when monsters are
                  | visible. [potion of mutation]
 40186 | Crypt:3  | Gained mutation: Your spells are a little harder to cast,
                  | but a little more powerful. [potion of mutation]
 40186 | Crypt:3  | Gained mutation: You are partially covered in iridescent
                  | scales. (AC +2) [potion of mutation]
 40187 | Crypt:3  | Lost mutation: You are weak. (Str -2) [potion of mutation]
 40187 | Crypt:3  | Lost mutation: You are occasionally teleported next to
                  | monsters. [potion of mutation]
 40187 | Crypt:3  | Gained mutation: You are frail. (-10% HP) [potion of
                  | mutation]
 40187 | Crypt:3  | Gained mutation: You expend magic power (3 MP) to
                  | strengthen your wands. [potion of mutation]
 40187 | Crypt:3  | Gained mutation: You are agile. (Dex +4, Str/Int -1)
                  | [potion of mutation]
 40188 | Crypt:3  | Lost mutation: You are agile. (Dex +4, Str/Int -1) [potion
                  | of mutation]
 40188 | Crypt:3  | Lost mutation: You do not regenerate when monsters are
                  | visible. [potion of mutation]
 40188 | Crypt:3  | Gained mutation: You can exhale a cloud of poison. [potion
                  | of mutation]
 40188 | Crypt:3  | Lost mutation: You can exhale a cloud of poison. [potion of
                  | mutation]
 40188 | Crypt:3  | Gained mutation: You are resistant to electric shocks.
                  | (rElec) [potion of mutation]
 40189 | Crypt:3  | Lost mutation: You are frail. (-10% HP) [potion of
                  | mutation]
 40189 | Crypt:3  | Lost mutation: Your spells are a little harder to cast, but
                  | a little more powerful. [potion of mutation]
 40189 | Crypt:3  | Gained mutation: Your muscles are strong. (Str +4, Int/Dex
                  | -1) [potion of mutation]
 40189 | Crypt:3  | Gained mutation: You are somewhat resistant to further
                  | mutation. [potion of mutation]
 40200 | Crypt:3  | Identified the staff of Ettaas {^Contam *Corrode Fly rC+
                  | Conj Ice}
 40514 | Depths:1 | Entered Level 1 of the Depths
 40614 | Depths:1 | Found Zuidusall's Fire Supplies.
 40631 | Depths:1 | Reached skill level 15 in Shapeshifting
 40647 | Depths:1 | Bought a +1 pair of gloves of fire resistance for 181 gold
                  | pieces
 40804 | Depths:1 | Identified the +2 robe of Brilliance {Int+4 Dex+7}
 40804 | Depths:1 | Noticed Boris
 40967 | Depths:1 | Killed Boris
 41188 | Depths:1 | Found the +6 Majin-Bo {spellvamp, MP+6 Int+6}
 41198 | Depths:1 | Found a gateway to Hell.
 41691 | Depths:2 | Found a shadowy altar of Dithmenos.
 41704 | Depths:2 | Found Neurchaypn's Distillery.
 41717 | Depths:2 | Bought a potion of curing for 45 gold pieces
 41717 | Depths:2 | Bought a potion of enlightenment for 75 gold pieces
 41717 | Depths:2 | Bought a potion of curing for 45 gold pieces
 41717 | Depths:2 | Bought 2 potions of lignification for 90 gold pieces
 41717 | Depths:2 | Bought 2 potions of cancellation for 240 gold pieces
 41717 | Depths:2 | Bought 2 potions of curing for 90 gold pieces
 41717 | Depths:2 | Bought a potion of magic for 120 gold pieces
 42127 | Depths:2 | Found a one-way gate leading to the halls of Pandemonium.
 42267 | Depths:3 | Noticed a golden dragon
 42273 | Depths:3 | Killed a golden dragon
 42355 | Depths:3 | Reached XP level 24. HP: 211/211 MP: 38/38
 42384 | Depths:3 | Found a one-way gateway to a ziggurat.
 42594 | Depths:3 | Identified the ring "Zunwosk" {rPois Int+3 Slay-4 SInv}
 42659 | Depths:3 | Identified the ring "Fahexubi" {rN+ Will- Str+6}
 42665 | Depths:3 | Noticed a caustic shrike
 42670 | Depths:3 | Killed a caustic shrike
 42755 | Depths:3 | Noticed a juggernaut
 42825 | Depths:3 | Noticed a juggernaut
 42857 | Depths:3 | Killed a juggernaut
 43081 | Depths:3 | Identified the orb "Cibia" {light, rF+ MP+9 Dex-3 Alchemy}
 43081 | Depths:3 | Noticed Frederick
 43087 | Depths:3 | Killed Frederick
 43163 | Depths:3 | Noticed a juggernaut
 43178 | Depths:3 | Killed a juggernaut
 43501 | Depths:3 | Killed a juggernaut
 43539 | Depths:4 | Entered Level 4 of the Depths
 43844 | Depths:4 | Found a radiant altar of Vehumet.
 44078 | Depths:4 | Found a gate to the Realm of Zot.
 44420 | Depths:4 | Found Paff's Assorted Antiques.
 44452 | Depths:4 | Bought a scroll of enchant weapon for 247 gold pieces
 44452 | Depths:4 | Bought a potion of heal wounds for 165 gold pieces
 45110 | Slime:1  | Entered Level 1 of the Pits of Slime
 45395 | Slime:2  | Reached XP level 25. HP: 170/218 MP: 38/38
 46982 | Slime:5  | Entered Level 5 of the Pits of Slime
 47125 | Slime:5  | Noticed the Royal Jelly
 47136 | Slime:5  | Killed the Royal Jelly
 47188 | Slime:5  | Found the dreamshard necklace {Acrobat *Dream}
 47200 | Slime:5  | Found the +8 trishula "Condemnation" {holy, anguish, *Noise
                  | Fly rN+}
 47203 | Slime:5  | Identified the +0 leather armour of the Skies Above {rF+
                  | rN+ Slay+2}
 47208 | Slime:5  | Got a slimy rune of Zot
 47245 | Slime:5  | Identified the ring "Gegiseek" {*Corrode rPois rC+ Str-2
                  | Dex+5}
 47303 | Slime:5  | Identified the ring of Icaruyj {Wiz Str+2 Dex+3}
 47337 | Slime:5  | Identified the +10 dire flail "Dutujucw" {venom, Dex+3}
 48200 | Vaults:5 | Entered Level 5 of the Vaults
 48268 | Vaults:5 | Identified the amulet of the Narrow Eggfruit {Spirit MP+9
                  | Str+3 Stlth+}
 48414 | Tomb:1   | Entered Level 1 of the Tomb of the Ancients
 48426 | Tomb:1   | Identified the +6 mace "Neuzoal" {vamp, rElec rN++ Dex-5
                  | Stlth-}
 48838 | Tomb:1   | Noticed a royal mummy
 48844 | Tomb:1   | Killed a royal mummy
 48858 | Tomb:1   | Noticed a royal mummy
 48866 | Tomb:1   | Killed a royal mummy
 49001 | Tomb:1   | Noticed a royal mummy
 49010 | Tomb:1   | Killed a royal mummy
 49031 | Tomb:1   | Reached XP level 26. HP: 217/225 MP: 38/38
 49075 | Tomb:1   | Noticed a royal mummy
 49086 | Tomb:1   | Killed a royal mummy
 49116 | Tomb:1   | Noticed a royal mummy
 49123 | Tomb:1   | Killed a royal mummy
 49126 | Tomb:1   | Noticed a royal mummy
 49132 | Tomb:1   | Killed a royal mummy
 49144 | Tomb:1   | Noticed a royal mummy
 49162 | Tomb:1   | Killed a royal mummy
 49183 | Tomb:1   | Noticed a royal mummy
 49183 | Tomb:1   | Noticed a royal mummy
 49188 | Tomb:1   | Noticed a royal mummy
 49189 | Tomb:1   | Killed a royal mummy
 49190 | Tomb:1   | Noticed a royal mummy
 49195 | Tomb:1   | Noticed a royal mummy
 49197 | Tomb:1   | Noticed a royal mummy
 49197 | Tomb:1   | Noticed a royal mummy
 49198 | Tomb:1   | Noticed a royal mummy
 49199 | Tomb:1   | Noticed a royal mummy
 49200 | Tomb:1   | Noticed a royal mummy
 49202 | Tomb:1   | Killed a royal mummy
 49203 | Tomb:1   | Reached skill level 5 in Dodging
 49205 | Tomb:1   | Noticed a royal mummy
 49212 | Tomb:1   | Killed a royal mummy
 49251 | Tomb:1   | Noticed a royal mummy
 49258 | Tomb:1   | Killed a royal mummy
 49297 | Tomb:1   | Upgraded the game from 0.32-a0-765-gfba4d74c8c to
                  | 0.32-a0-772-g33df2375a9
 49297 | Tomb:1   | Killed a royal mummy
 49339 | Tomb:1   | Noticed a royal mummy
 49344 | Tomb:1   | Killed a royal mummy
 49783 | Vaults:5 | Reached skill level 10 in Necromancy
 49839 | Vaults:5 | Identified the +7 battleaxe "Daekiaz" {distort, rElec Str+3
                  | Int+5}
 50275 | Vaults:5 | Identified the staff "Spiderbane" {rElec rC- rN+ Will+
                  | Int+3 Air}
 50420 | Vaults:5 | Identified the scarf of Wichoy {repulsion, rElec rPois}
 50575 | Vaults:5 | Got the Catalogue of the Topological Summer
 50583 | Vaults:5 | Got a silver rune of Zot
 50663 | Vaults:5 | Found Dabuph's Book Emporium.
 50905 | Vaults:5 | Identified the +7 whip "Coycu" {heavy, Str+2}
 50906 | Vaults:5 | Identified the +1 quarterstaff of Foxko {pain, ^Fragile
                  | Int+5 Dex+7}
 52023 | Depths:3 | Voluntarily entered the Abyss.
 52063 | Abyss:2  | Found a corrupted altar of Lugonu.
 52360 | Abyss:3  | Found a corrupted altar of Lugonu.
 52394 | Abyss:3  | Paralysed by accursed screaming for 1 turns
 52483 | Abyss:3  | Found a shimmering altar of Xom.
 52633 | Abyss:4  | Found a corrupted altar of Lugonu.
 52644 | Abyss:4  | Reached XP level 27. HP: 216/235 MP: 26/39
 52681 | Abyss:6  | Found a sacrificial altar of Ru.
 52715 | Abyss:6  | Found a corrupted altar of Lugonu.
 52747 | Abyss:6  | Found a sacrificial altar of Ru.
 52858 | Depths:3 | Escaped the Abyss
 52862 | Depths:3 | Voluntarily entered the Abyss.
 53020 | Abyss:6  | Reached skill level 12 in Fighting
 53022 | Depths:3 | Escaped the Abyss
 53501 | Tomb:2   | Identified the +3 robe of Trumpets {rElec rCorr}
 53501 | Tomb:2   | Noticed Boris
 53504 | Tomb:2   | Noticed a royal mummy
 53505 | Tomb:2   | Noticed a royal mummy
 53505 | Tomb:2   | Noticed a royal mummy
 53507 | Tomb:2   | Killed Boris
 53507 | Tomb:2   | Noticed a royal mummy
 54046 | Zot:1    | Entered Level 1 of the Realm of Zot
 54945 | Zot:1    | Reached skill level 13 in Fighting
 55076 | Zot:1    | Identified the +1 shortbow of Niasyweo {heavy, ^Drain rF+
                  | Str+3}
 55171 | Zot:2    | Noticed Grunn
 55187 | Zot:2    | Killed Grunn
 55286 | Zot:2    | Noticed Vv
 55295 | Zot:2    | Reached skill level 14 in Fighting
 55894 | Zot:2    | Killed Vv
 55921 | Zot:2    | Reached skill level 10 in Axes
 56608 | Zot:3    | Reached skill level 15 in Fighting
 57412 | Zot:4    | Reached skill level 15 in Stealth
 59066 | Tomb:2   | Killed a royal mummy
 59073 | Tomb:2   | Killed a royal mummy
 59075 | Tomb:2   | Killed a royal mummy
 59078 | Tomb:2   | Killed a royal mummy
 59365 | Tomb:1   | Noticed a royal mummy
 59379 | Tomb:1   | Killed a royal mummy
 59390 | Tomb:1   | Killed a royal mummy
 59390 | Tomb:1   | Killed a royal mummy
 59391 | Tomb:1   | Reached skill level 16 in Fighting
 59391 | Tomb:1   | Reached skill level 15 in Axes
 59409 | Tomb:1   | Killed a royal mummy
 59413 | Tomb:1   | Killed a royal mummy
 59468 | Tomb:1   | Noticed a royal mummy
 59480 | Tomb:1   | Killed a royal mummy
 59499 | Tomb:1   | Killed a royal mummy
 59564 | Tomb:1   | Killed a royal mummy
 59585 | Tomb:1   | Noticed a royal mummy
 59588 | Tomb:1   | Noticed a royal mummy
 59593 | Tomb:1   | Killed a royal mummy
 59596 | Tomb:1   | Noticed a royal mummy
 59600 | Tomb:1   | Killed a royal mummy
 59610 | Tomb:1   | Killed a royal mummy
 59617 | Tomb:1   | Killed a royal mummy
 59769 | Tomb:3   | Entered Level 3 of the Tomb of the Ancients
 59777 | Tomb:3   | Noticed a royal mummy
 59777 | Tomb:3   | Noticed a royal mummy
 59783 | Tomb:3   | Found the +10 Black Knight's barding {ponderous, rPois rN+}
 59797 | Tomb:3   | Noticed a royal mummy
 59806 | Tomb:3   | Killed a royal mummy
 59822 | Tomb:3   | Killed a royal mummy
 59826 | Tomb:3   | Killed a royal mummy
 59865 | Tomb:3   | Noticed a royal mummy
 59867 | Tomb:3   | Noticed a royal mummy
 59868 | Tomb:3   | Noticed a royal mummy
 59869 | Tomb:3   | Noticed a royal mummy
 59873 | Tomb:3   | Noticed a royal mummy
 59874 | Tomb:3   | Killed a royal mummy
 59876 | Tomb:3   | Noticed Khufu
 59877 | Tomb:3   | Killed a royal mummy
 59938 | Tomb:3   | Killed a royal mummy
 59944 | Tomb:3   | Reached skill level 17 in Fighting
 60017 | Tomb:3   | Killed Khufu
 60154 | Tomb:3   | Killed a royal mummy
 60166 | Tomb:3   | Killed a royal mummy
 60244 | Tomb:3   | Found the +2 Maxwell's thermic engine {flame, freeze, rev}
 60299 | Tomb:3   | Got the Incunabulum of the Snail
 60302 | Tomb:3   | Identified the +2 helmet of Teirink {Dex+8}
 60314 | Tomb:3   | Identified the -2 pair of gloves "Reume" {-Tele rN++ Int+2
                  | Slay-5}
 60336 | Tomb:3   | Identified the staff "Teliexte" {rN+ Str+2 Dex+3 Conj}
 60363 | Tomb:3   | Got the Papyrus of the Frostbitten Ouroboros
 60456 | Tomb:3   | Got a golden rune of Zot
 61012 | Hell     | Entered the Vestibule of Hell
 61012 | Hell     | Noticed Geryon
 61055 | Hell     | Killed Geryon
 61222 | Hell     | Found a gateway to the ashen valley of Gehenna.
 61389 | Hell     | Found a gateway to the decaying netherworld of Tartarus.
 61438 | Hell     | Found a gateway to the freezing wastes of Cocytus.
 61581 | Hell     | Found a gateway to the Iron City of Dis.
 61791 | Tar:1    | Entered Level 1 of Tartarus
 61927 | Tar:1    | Reached skill level 5 in Polearms
 62414 | Tar:2    | Reached skill level 10 in Polearms
 62866 | Tar:4    | You are sucked into a shaft and drop 2 floors!
 63182 | Tar:7    | Entered Level 7 of Tartarus
 63437 | Tar:7    | Identified the +2 battleaxe of the Nurturing Gods {flame,
                  | rF+}
 63576 | Tar:7    | Identified the +0 leather armour of Pulluizi {^Drain rN+
                  | Regen+ Str+3}
 64056 | Tar:7    | Reached skill level 18 in Fighting
 64139 | Tar:7    | Noticed a dread lich
 64146 | Tar:7    | Noticed an ancient lich
 64150 | Tar:7    | Paralysed by a dread lich for 5 turns
 64155 | Tar:7    | Killed a dread lich
 64161 | Tar:7    | Killed an ancient lich
 64177 | Tar:7    | Identified the +1 mace of Goniedgha {vamp, ^Contam rPois
                  | Will+ Dex+4}
 64180 | Tar:7    | Identified the +0 robe of Pyunej {Will+ rCorr}
 64289 | Tar:7    | Noticed an ancient lich
 64299 | Tar:7    | Killed an ancient lich
 64301 | Tar:7    | Identified the +9 executioner's axe "Gowuij" {flame, rC+
                  | rN+++ Str-4 Stlth+}
 64356 | Tar:7    | Noticed an ancient lich
 64358 | Tar:7    | Noticed Ereshkigal
 64438 | Tar:7    | Killed an ancient lich
 64620 | Tar:7    | Reached skill level 15 in Conjurations
 64753 | Tar:7    | Killed Ereshkigal
 64960 | Tar:7    | Got a bone rune of Zot
 65194 | Coc:1    | Entered Level 1 of Cocytus
 65216 | Coc:1    | Paralysed by a wendigo for 1 turns
 65530 | Coc:2    | Reached skill level 19 in Fighting
 65591 | Coc:2    | Paralysed by a wendigo for 1 turns
 65601 | Coc:2    | Learned a level 7 spell: Orb of Destruction
 65949 | Coc:3    | Reached skill level 20 in Fighting
 66200 | Coc:4    | Paralysed by a wendigo for 1 turns
 66477 | Coc:5    | Reached skill level 21 in Fighting
 66757 | Coc:6    | Reached skill level 22 in Fighting
 66864 | Coc:6    | Reached skill level 15 in Earth Magic
 66943 | Coc:6    | Paralysed by a wendigo for 1 turns
 67007 | Coc:7    | Entered Level 7 of Cocytus
 67052 | Coc:7    | Paralysed by a wendigo for 1 turns
 67116 | Coc:7    | Paralysed by a wendigo for 1 turns
 67282 | Coc:7    | Paralysed by a wendigo for 1 turns
 67289 | Coc:7    | Reached skill level 23 in Fighting
 67819 | Coc:7    | Identified the staff "Oraefaa" {rPois rF+ rC- rN+ Tloc
                  | Alchemy}
 67894 | Coc:7    | Noticed Antaeus
 67944 | Coc:7    | Killed Antaeus
 67955 | Coc:7    | Got an icy rune of Zot
 67958 | Coc:7    | Found the +4 skin of Zhor {*Englaciate rC+++ SInv}
 67967 | Coc:7    | Identified the +0 sling of Nobriutz {heavy, rPois rN+ Dex-2
                  | Stlth+}
 68224 | Geh:1    | Entered Level 1 of Gehenna
 68261 | Geh:1    | Noticed an ancient lich
 68261 | Geh:1    | Noticed an ancient lich
 68261 | Geh:1    | Noticed an ancient lich
 68266 | Geh:1    | Killed an ancient lich
 68274 | Geh:1    | Killed an ancient lich
 68278 | Geh:1    | Killed an ancient lich
 68287 | Geh:1    | Noticed an ancient lich
 68292 | Geh:1    | Noticed a dread lich
 68293 | Geh:1    | Noticed a dread lich
 68294 | Geh:1    | Killed an ancient lich
 68299 | Geh:1    | Killed a dread lich
 68305 | Geh:1    | Killed a dread lich
 68306 | Geh:1    | Reached skill level 24 in Fighting
 68684 | Geh:2    | Noticed a dread lich
 68696 | Geh:2    | Killed a dread lich
 69860 | Geh:7    | Entered Level 7 of Gehenna
 69887 | Geh:7    | Reached skill level 15 in Armour
 70719 | Geh:7    | Noticed the Serpent of Hell
 70736 | Geh:7    | Killed the Serpent of Hell
 70854 | Geh:7    | Identified the ring of Cheibriados's Whim {rCorr Dex+2}
 70894 | Geh:7    | Found the +13 sceptre of Asmodeus
 70894 | Geh:7    | Noticed Asmodeus
 70929 | Geh:7    | Killed Asmodeus
 70972 | Geh:7    | Found the ring of Shadows {Umbra +Inv Stlth+}
 70976 | Geh:7    | Identified the ring of Zigg {rC+ rCorr}
 70986 | Geh:7    | Identified the -2 helmet of the First Spreadsheets {Str+3}
 71000 | Geh:7    | Identified the +1 cloak of Wariness {rElec rF+}
 71040 | Geh:7    | Got an obsidian rune of Zot
 71496 | Zig:1    | Entered Level 1 of a ziggurat
 71496 | Zig:1    | Noticed Timpeori the pandemonium lord
 71509 | Zig:1    | Killed Timpeori the pandemonium lord
 71517 | Zig:2    | Entered Level 2 of a ziggurat
 71517 | Zig:2    | Noticed Ozovix the pandemonium lord
 71545 | Zig:2    | Killed Ozovix the pandemonium lord
 71572 | Zig:3    | Entered Level 3 of a ziggurat
 71594 | Zig:4    | Entered Level 4 of a ziggurat
 71626 | Zig:5    | Entered Level 5 of a ziggurat
 71657 | Zig:5    | Identified the ring "Biliusmi" {Fire rPois SInv}
 71728 | Zig:6    | Entered Level 6 of a ziggurat
 71767 | Zig:7    | Entered Level 7 of a ziggurat
 71772 | Zig:7    | Noticed Bagh the pandemonium lord
 71797 | Zig:7    | Killed Bagh the pandemonium lord
 71817 | Zig:7    | Identified the +7 scale mail of the Morning {-Tele Will+
                  | rCorr}
 71819 | Zig:7    | Identified the +2 battleaxe "Wuklelas" {heavy, rF+ Int+2
                  | Dex+3}
 71820 | Zig:7    | Identified the +1 robe of Huvet {Stlth+}
 71823 | Zig:8    | Entered Level 8 of a ziggurat
 71866 | Zig:8    | Identified the +2 mace "Ocuuc" {venom, *Rage Fly rPois}
 71893 | Zig:9    | Entered Level 9 of a ziggurat
 71902 | Zig:9    | Noticed Xexooma the pandemonium lord
 71919 | Zig:9    | Killed Xexooma the pandemonium lord
 71943 | Zig:9    | Identified the staff "Juasmon" {^Fragile rN+ Str+4 SInv
                  | Stlth+ Necro}
 71946 | Zig:9    | Identified the +12 scimitar of the Lair of Beasts {flame,
                  | +Blink rElec Int+3}
 71987 | Zig:10   | Entered Level 10 of a ziggurat
 71998 | Zig:10   | Reached skill level 25 in Fighting
 72093 | Zig:10   | Found the +0 pair of fencer's gloves {Riposte Dex+3}
 72093 | Zig:10   | Found the +5 glaive of the Guard {elec, spectral}
 72129 | Zig:10   | Identified the +9 plate armour of Anaesthesia {*Slow rF+
                  | Str+5}
 72267 | Zig:1    | Entered Level 1 of a ziggurat
 72314 | Zig:2    | Entered Level 2 of a ziggurat
 72355 | Zig:3    | Entered Level 3 of a ziggurat
 72379 | Zig:4    | Entered Level 4 of a ziggurat
 72424 | Zig:4    | Identified the +10 long sword of Enormous Action {freeze,
                  | rF- Dex+7}
 72442 | Zig:5    | Entered Level 5 of a ziggurat
 72447 | Zig:5    | Noticed an ancient lich
 72454 | Zig:5    | Killed an ancient lich
 72475 | Zig:5    | Got Boutt's Discourse on Pyromania
 72482 | Zig:6    | Entered Level 6 of a ziggurat
 72520 | Zig:7    | Entered Level 7 of a ziggurat
 72564 | Zig:7    | Identified the ring of Pessimism {rElec rPois rCorr Stlth+}
 72568 | Zig:7    | Identified the +1 great mace of Extinguishment {flame,
                  | +Blink Str+4 Int+4}
 72570 | Zig:8    | Entered Level 8 of a ziggurat
 72633 | Zig:8    | Identified the +2 helmet "Tusohep" {Harm ^Drain rN+ MP+9}
 72648 | Zig:9    | Entered Level 9 of a ziggurat
 72675 | Zig:9    | Identified the staff "Rifunlim" {rC+ rN+ Dex+3 SInv Ice}
 72676 | Zig:9    | Identified the ring of Yendor {rPois Str+3 Stlth+}
 72709 | Zig:10   | Entered Level 10 of a ziggurat
 72716 | Zig:10   | Noticed a juggernaut
 72717 | Zig:10   | Noticed a juggernaut
 72717 | Zig:10   | Noticed a juggernaut
 72721 | Zig:10   | Killed a juggernaut
 72722 | Zig:10   | Killed a juggernaut
 72723 | Zig:10   | Killed a juggernaut
 72750 | Zig:10   | Identified the +8 great mace "Debox" {venom, *Noise rN+
                  | Will+}
 72755 | Zig:10   | Identified the staff "Qulaf" {rPois rC+ Ice}
 72756 | Zig:10   | Identified the +8 plate armour of Poowk {rC+ rCorr Stlth-}
 72907 | Dis:1    | Entered Level 1 of the Iron City of Dis
 72931 | Dis:1    | Noticed a dread lich
 72936 | Dis:1    | Killed a dread lich
 73132 | Dis:2    | You fall into a shaft and drop 2 floors!
 73351 | Dis:5    | Noticed an ancient lich
 73359 | Dis:5    | Killed an ancient lich
 73709 | Dis:7    | Entered Level 7 of the Iron City of Dis
 74250 | Dis:7    | Identified the +1 short sword of Superiority {holy, Dex+3
                  | SInv}
 74386 | Dis:7    | Noticed Dispater
 74439 | Dis:7    | Identified the +2 morningstar "Lokit" {venom, rC+ rN+}
 74562 | Dis:7    | Identified the +2 plate armour "Xabagg" {rC++ Int-4 Dex+4}
 74697 | Dis:7    | Identified the +8 sling of Ashenzari's Approval {antimagic,
                  | rF+}
 74807 | Dis:7    | Identified the staff of the Undead {rElec Will+ Air}
 74816 | Dis:7    | Identified the staff "Osaat" {rC+ Int+3 Ice}
 74819 | Dis:7    | Identified the ring of Molaseid {Will+ Str+5}
 75280 | Dis:7    | Killed Dispater
 75294 | Dis:7    | Got an iron rune of Zot
 75540 | Depths:4 | Voluntarily entered the Abyss.
 75855 | Abyss:6  | Noticed an ancient lich
 75863 | Abyss:6  | Killed an ancient lich
 75916 | Abyss:6  | Found the +5 demon whip "Spellbinder" {antimagic, disrupt,
                  | Will+}
 75936 | Abyss:6  | Paralysed by accursed screaming for 1 turns
 75936 | Abyss:6  | Noticed an ancient lich
 75941 | Abyss:6  | Killed an ancient lich
 76010 | Depths:4 | Escaped the Abyss
 76885 | Depths:3 | Voluntarily entered the Abyss.
 76946 | Abyss:6  | Paralysed by accursed screaming for 1 turns
 76950 | Abyss:6  | Paralysed by accursed screaming for 1 turns
 76993 | Abyss:6  | Reached skill level 26 in Fighting
 77005 | Abyss:7  | Entered Level 7 of the Abyss
 77038 | Abyss:7  | Noticed a dread lich
 77050 | Abyss:7  | Killed a dread lich
 77127 | Abyss:7  | Paralysed by accursed screaming for 1 turns
 77136 | Depths:3 | Escaped the Abyss
 77139 | Depths:3 | Learned a level 1 spell: Apportation
 77180 | Depths:3 | Voluntarily entered the Abyss.
 77180 | Abyss:7  | Entered Level 7 of the Abyss
 77238 | Abyss:7  | Reached skill level 10 in Dodging
 77258 | Abyss:7  | Paralysed by accursed screaming for 1 turns
 77265 | Abyss:7  | Paralysed by accursed screaming for 1 turns
 77334 | Abyss:7  | Paralysed by accursed screaming for 1 turns
 77384 | Depths:3 | Escaped the Abyss
 77490 | Pan      | Entered Pandemonium
 77497 | Pan      | Noticed Yduej the pandemonium lord
 77508 | Pan      | Killed Yduej the pandemonium lord
 77514 | Pan      | Paralysed by accursed screaming for 1 turns
 77535 | Pan      | Got a demonic rune of Zot
 77729 | Pan      | Found a transporter.
 77902 | Pan      | Noticed Qeshrixif the pandemonium lord
 77914 | Pan      | Killed Qeshrixif the pandemonium lord
 77932 | Pan      | Entered the realm of Cerebov.
 78055 | Pan      | Reached skill level 27 in Fighting
 78056 | Pan      | Found the +6 sword of Cerebov {flame}
 78056 | Pan      | Noticed Cerebov
 78080 | Pan      | Identified the +3 broad axe of Kismet {spect, rC- Dex+5}
 78162 | Pan      | Killed Cerebov
 78178 | Pan      | Identified the amulet of Cufam {rF++ rC+ Will+ RegenMP+
                  | Int-3}
 78190 | Pan      | Identified the +2 pair of gloves "Xenunk" {rF+ rN+++ Int-4
                  | Dex+5}
 78194 | Pan      | Identified the +7 chain mail "Ettoaph" {Str+5 Slay-4}
 78217 | Pan      | Identified the +7 trident of the Firefly {elec, *Corrode
                  | Int+4}
 78257 | Pan      | Identified the +7 falchion of Gofufaez {venom, Fly rF+
                  | Will+}
 78259 | Pan      | Identified the ring of Nudun {rElec rC+ Int-5 Dex+3}
 78283 | Pan      | Got a fiery rune of Zot
 78345 | Pan      | Identified the +0 robe "Sejeckit" {*Corrode Dex+2 Stlth+}
 78640 | Pan      | Found an exit through the horrors of the Abyss.
 78736 | Pan      | Entered the realm of Lom Lobon.
 78852 | Pan      | Noticed Lom Lobon
 78872 | Pan      | Killed Lom Lobon
 78913 | Pan      | Got a magical rune of Zot
 79118 | Pan      | Entered the realm of Mnoleg.
 79315 | Pan      | Noticed Mnoleg
 79336 | Pan      | Killed Mnoleg
 79365 | Pan      | Got a glowing rune of Zot
 79498 | Pan      | Entered the realm of Gloorx Vloq.
 79713 | Pan      | Noticed Gloorx Vloq
 79729 | Pan      | Killed Gloorx Vloq
 79747 | Pan      | Got a dark rune of Zot
 79763 | Pan      | Reached skill level 1 in Fire Magic
 79775 | Pan      | Learned a level 8 spell: Ignition
 80001 | Pan      | Reached skill level 5 in Fire Magic
 80129 | Pan      | Found a transporter.
 80164 | Pan      | Found a transporter.
 80263 | Pan      | Identified the ring of Luqif {rPois rF+ Str+3 Int+2 Dex+3}
 80277 | Pan      | Identified the amulet "Xelihonk" {rN+ Will++ RegenMP+ MP+9
                  | Int-4}
 80283 | Pan      | Identified the amulet of Hunilil {Reflect rPois Str+4 SH+5}
 80313 | Pan      | Found an exit through the horrors of the Abyss.
 80320 | Pan      | Took an exit into the Abyss.
 80320 | Abyss:7  | Escaped into the Abyss
 80320 | Abyss:7  | Entered Level 7 of the Abyss
 80348 | Abyss:7  | Reached skill level 10 in Fire Magic
 80364 | Abyss:7  | Found a corrupted altar of Lugonu.
 80386 | Abyss:7  | Noticed a dread lich
 80396 | Abyss:7  | Killed a dread lich
 80412 | Abyss:7  | Paralysed by accursed screaming for 1 turns
 80418 | Depths:2 | Escaped the Abyss
 80489 | Depths:3 | Voluntarily entered the Abyss.
 80489 | Abyss:7  | Entered Level 7 of the Abyss
 80502 | Abyss:7  | Got an abyssal rune of Zot
 80517 | Depths:3 | Escaped the Abyss
 80724 | Zot:5    | Entered Level 5 of the Realm of Zot
 80877 | Zot:5    | Noticed an orb of fire
 80880 | Zot:5    | Noticed a dread lich
 80883 | Zot:5    | Killed an orb of fire
 80888 | Zot:5    | Killed a dread lich
 80888 | Zot:5    | Noticed a dread lich
 80892 | Zot:5    | Noticed an ancient lich
 80902 | Zot:5    | Killed an ancient lich
 80903 | Zot:5    | Reached skill level 15 in Fire Magic
 80907 | Zot:5    | Killed a dread lich
 80995 | Zot:5    | Noticed a dread lich
 81007 | Zot:5    | Killed a dread lich
 81048 | Zot:5    | Noticed a dread lich
 81051 | Zot:5    | Noticed an orb of fire
 81052 | Zot:5    | Noticed an ancient lich
 81052 | Zot:5    | Noticed an orb of fire
 81052 | Zot:5    | Noticed an ancient lich
 81053 | Zot:5    | Noticed an ancient lich
 81057 | Zot:5    | Noticed a dread lich
 81504 | Zot:5    | Killed an ancient lich
 81537 | Zot:5    | Killed an orb of fire
 81541 | Zot:5    | Killed an orb of fire
 81568 | Zot:5    | Killed an ancient lich
 81599 | Zot:5    | Killed a dread lich
 81676 | Zot:5    | Killed a dread lich
 81687 | Zot:5    | Paralysed by a Zot trap for 4 turns
 81716 | Zot:5    | Noticed a dread lich
 81724 | Zot:5    | Killed an ancient lich
 81731 | Zot:5    | Reached skill level 15 in Spellcasting
 81734 | Zot:5    | Killed a dread lich
 81907 | Zot:5    | Got the Orb of Zot
 82065 | Zot:1    | Noticed Worotor the pandemonium lord
 82072 | Zot:1    | Killed Worotor the pandemonium lord
 82135 | Depths:4 | Noticed a juggernaut
 82508 | D:6      | Noticed Xupyer the pandemonium lord
 82517 | D:6      | Killed Xupyer the pandemonium lord
 82633 | D:$      | Escaped with the Orb!

Illustrated notes

Levels and vault maps discovered:
D:1:      doesnt_arrival_eight_statues, layout_loops_corners
D:2:      layout_basic
D:3:      layout_loops_ring, uniq_sigmund
D:4:      layout_rooms, mainiacjoe_overflow_brackets,
          mainiacjoe_overflow_24_doors, chequers_serial_rivers_small_b
D:5:      layout_basic
D:6:      layout_basic, minmay_overflow_temple_star_quad, enter_ossuary_1,
          nicolae_specific_store, hangedman_decor_opposing, dk_noncrumbling_3,
          uniq_grinder, uniq_maggie, uniq_pikel
D:7:      layout_rooms, tso_altar, grunt_temple_overflow_open,
          minmay_temple_entry_ruins, hangedman_decor_riveting
D:8:      layout_loops_corners, mainiacjoe_overflow_boulevard,
          ebering_ghost_reflecting_pool, uniq_jeremiah
D:9:      layout_basic, dpeg_lair_monsters, erik_orc_3, serial_glass,
          glass_columns_c, glass_columns_c, enter_bailey_2
D:10:     layout_roguey, serial_ice, serial_ice_i, serial_ice_m, serial_ice_c,
          serial_ice_f, st_stairs_11, ebering_dispersal_statue_hall
D:11:     layout_loops_ring, uniq_josephine
D:12:     layout_irregular_city, nicolae_ru_awakened_eye
D:13:     layout_gridville, hellmonk_vaults_order_and_chaos
D:14:     layout_rooms
D:15:     grunt_enter_depths_snipers, layout_stronghold, good_gods_temple_1
Temple:   nicolae_temple_bog_church
Lair:1:   layout_chaotic_city, grunt_megastairs_5
Lair:2:   layout_roguey, minmay_shoals_entry_hut
Lair:3:   layout_gridlike, nicolae_snake_entry_warm_welcome,
          infiniplex_staircase_pool, lemuel_fruit_fields, lemuel_fruit_fields
Lair:4:   layout_cave_pods, minmay_slime_entry_eyes, serial_bayou_shore_a
Lair:5:   hellmonk_lair_end_abyssal_woods, layout_misc_corridors,
          chequers_serial_rivers_micro_b, serial_bayou_pond_b,
          lemuel_fruit_fields
Shoals:1: layout_shoals
Shoals:2: layout_shoals, regret_index_shoals_crete
Shoals:3: layout_shoals, uniq_polyphemus, uniq_ilsuiw
Shoals:4: shoals_end_grunt_garden, layout_shoals
Snake:1:  layout_gridlike
Snake:2:  layout_grid_shapes, gammafunk_ghost_necromancy, serial_shops,
          nicolae_shop_advertising_works [nicolae_subvault_shop_adworks],
          nicolae_shop_just_a_little_nook, nicolae_shop_drivethru,
          hellmonk_scale_shop
Snake:3:  layout_layer_cave, nicolae_snake_salamander_zone
Snake:4:  snake_pit, layout_cave_town, minmay_snake_pond
Slime:1:  layout_caves
Slime:2:  layout_caves
Slime:3:  layout_caves, nicolae_slime_barrier, nicolae_slime_rock_hall_of_fame
Slime:4:  layout_caves, cheibrodos_slime_lost_civilization_4
Slime:5:  slime_pit
Orc:1:    layout_caves, basic_altar
Orc:2:    grunt_orc_tribal_feast, layout_caves, serial_shops, shop,
          gauntlet_entry_generic
Elf:1:    nicolae_elf_arrival_fired_up, layout_loops_corners,
          nicolae_elf_shapeshifter_party
Elf:2:    nicolae_elf_blades_splatter_lattice
          [nicolae_blade_entry_crossed_weapons], layout_geoelf_diagonals,
          minmay_shoptagon, lemuel_upstairs_altar, lemuel_elevator
Elf:3:    minmay_elf_hall_furrowed, layout_gridlike, basic_altar,
          infiniplex_enter_wizlab_spiral, serial_shops, shop
Vaults:1: nicolae_vaults_circle_grid_b, nicolae_vaults_door_testing_chamber,
          nicolae_vaults_windows_and_doors_thing, vaults_room_grid,
          nicolae_vaults_trapezoid_lopsided_3, nicolae_vaults_steering_wheel,
          nicolae_vaults_tetromino_T_1, nicolae_vaults_little_squares_4,
          nicolae_vaults_trapezoid_4, v_misc_12, v_misc_23,
          nicolae_vaults_trapezoid_4, nicolae_vaults_octothorpe,
          nicolae_vaults_six-pack, layout_vaults_omnibox, serial_shops, shop
Vaults:2: nicolae_vaults_storage_room_statues, grunt_vaults_twisty,
          nicolae_vaults_prndl, vaults_mumra_lcd,
          nicolae_vaults_offset_grid_hallway_4,
          nicolae_vaults_mini_display_case, nicolae_vaults_tangram_1,
          nicolae_vaults_little_squares_1, grunt_vaults_hallway_short,
          nicolae_vaults_surprise_closet, v_misc_2, nicolae_vaults_rhombus_5,
          v_misc_27, hangedman_vaults_stretched_pinwheel, v_misc_22,
          v_pattern_4, layout_vaults_maze, serial_shops, shop
Vaults:3: v_misc_10, minmay_crypt_entry_simple_walls, v_misc_15,
          hangedman_vaults_capsules, nicolae_vaults_alarming,
          nicolae_vaults_sightless_eye, nicolae_vaults_shipping_containers_3,
          vaults_standard_mumra_lines, nicolae_vaults_two_Ls,
          nicolae_vaults_asterisk, layout_vaults_omnigrid, serial_shops, shop
Vaults:4: v_misc_2, vaults_room_hallway, nicolae_vaults_trapezoid_2, v_misc_3,
          nicolae_vaults_oval_intersection,
          nicolae_vaults_taking_the_gang_shopping,
          nicolae_vaults_closet_pinwheel_5, nicolae_vaults_diamond_1,
          vaults_room_fours, nicolae_vaults_heart-shaped_vault,
          vaults_room_pool, nicolae_vaults_thirteen_compartments,
          ontoclasm_vaults_shuriken, layout_vaults_big_room
Vaults:5
Crypt:1:  layout_misc_corridors, nicolae_crypt_deepening_niches
Crypt:2:  hangedman_hall_of_fallen_heroes, layout_gridlike
Crypt:3:  david_glass_crypt, layout_rooms, minmay_misc_feat_pillars,
          tekkud_shop_of_orbs, uniq_margery
Tomb:1
Tomb:2
Tomb:3
Depths:1: layout_gridlike, serial_bayou, serial_bayou_pond_c,
          serial_bayou_ford_a, serial_bayou_pond_c, serial_bayou_pond_b,
          lightli_too_deep, nicolae_shop_fire_sale [nicolae_sub_dead_trees],
          kennysheep_cross_bottleneck, nicolae_twisty_statue_hallways,
          infiniplex_staircase_pool_lava, uniq_boris
Depths:2: nicolae_cairo_tiling_large_dashed, layout_cave_pools, serial_shops,
          shop, grunt_dithmenos_smoke_and_mirrors, rand_demon_pan_entry_5,
          hell_entry
Depths:3: minmay_four_inscribed_fans, layout_gridville, enter_ziggurat_f,
          hangedman_geh_valley, abyss_entry_glasseish, uniq_frederick
Depths:4: grunt_x_marks_the_spot, layout_cave_pools, serial_shops, shop,
          abyss_entry, grunt_hell_entry_dis_mu, chequers_big_river,
          nicolae_vehumet_radiance
Hell
Dis:1:    layout_jigsaw, nicolae_hells_seeping_fissure
Dis:2:    layout_gridville, minmay_strange_pillars
Dis:4:    layout_gridville
Dis:5:    hangedman_dis_monolith, layout_regular_city
Dis:6:    layout_gridville, nicolae_dis_metal_dragon_surprise
Dis:7:    iron_city_of_dis [dis_old, dis_wall_2], layout_gridville
Geh:1:    layout_gehenna_pools_basic, nicolae_hells_leichenhalle
Geh:2:    nicolae_geh_seventh_circle, layout_gehenna_lava_caves,
          nicolae_geh_single_fiery_grave
Geh:3:    layout_gehenna_pools_box
Geh:4:    layout_gehenna_lava_caves
Geh:5:    layout_gehenna_pools_box
Geh:6:    layout_gehenna_pools_triple
Geh:7:    geh_mu
Coc:1:    layout_ice_bergs, nicolae_coc_statues_of_limitations
Coc:2:    layout_ice_bergs
Coc:3:    layout_cocytus_delve
Coc:4:    layout_ice_bergs
Coc:5:    layout_cocytus_delve
Coc:6:    layout_ice_bergs
Coc:7:    coc_old
Tar:1:    layout_cathedral_of_symmetry
Tar:2:    minmay_shadows, layout_honeycomb
Tar:3:    layout_grid_maze, lemuel_nasty_fountain
Tar:4:    layout_grid_maze, nicolae_tar_grid_combs
Tar:6:    layout_catacombs
Tar:7:    tar_grunt_cathedral
Zot:1:    layout_basic
Zot:2:    layout_onion_interference, regret_index_zotdec_onion_hex, uniq_vv,
          uniq_grunn, uniq_josephina
Zot:3:    layout_misc_corridors, regret_index_zotdec_banners,
          regret_index_zotdec_bone_old
Zot:4:    layout_twisted_circle, hangedman_zot_spectrum
Zot:5:    layout_onion

Skill      XL: |  1  2  3  4  5  6  7  8  9 10 11 12 13 14 15 16 17 18 19 20 21 22 23 24 25 26 27 |
---------------+----------------------------------------------------------------------------------+-----
Summonings     | 2 3 4 5 7 8 |  8.0
Spellcasting   | 4 5 6 8 10 11 12 16 | 16.2
Conjurations   | 2 3 4 5 6 7 9 10 11 12 17 | 17.0
Air Magic      | 1 2 3 4 5 6 10 | 10.0
Alchemy        | 2 3 4 7 |  7.0
Fighting       | 1 4 8 9 10 11 27 | 27.0
Dodging        | 2 3 4 5 10 | 10.0
Stealth        | 5 6 8 10 11 12 13 16 | 16.0
Polearms       | 2 13 | 13.4
Earth Magic    | 3 5 6 7 8 9 10 17 | 17.0
Evocations     | 1 |  1.0
Long Blades    | 2 |  2.0
Translocations | 2 |  2.0
Armour         | 2 5 8 9 10 11 26 | 26.3
Invocations    | 4 8 9 10 11 13 | 13.0
Throwing       | 2 |  2.0
Ice Magic      | 2 4 6 |  6.8
Shapeshifting  | 1 3 4 5 9 13 17 20 23 | 23.0
Shields        | 1 3 8 13 16 18 26 | 26.0
Maces & Flails | 2 |  2.9
Necromancy     | 2 5 10 | 10.0
Axes           | 1 5 6 8 24 | 24.1
Hexes          | 4 6 |  6.0
Fire Magic     | 18 | 18.0

Action                     |  1- 3 |  4- 6 |  7- 9 | 10-12 | 13-15 | 16-18 | 19-21 | 22-24 | 25-27 || total
---------------------------+-------+-------+-------+-------+-------+-------+-------+-------+-------++-------
  Melee: Dagger            |     4 |       |       |       |       |       |       |       |       ||     4
         Mace              |    17 |     3 |       |       |       |       |       |       |       ||    20
         Spear             |       |    30 |       |       |       |       |       |       |       ||    30
         Halberd           |       |    31 |   184 |   314 |       |       |       |       |       ||   529
         Scimitar          |       |       |       |   167 |   387 |   397 |   302 |       |       ||  1253
         Constrict         |       |       |       |       |   137 |   132 |   199 |   170 |  1338 ||  1976
         Broad axe         |       |       |       |       |       |       |   355 |   862 |  6104 ||  7321
         Eveningstar       |       |       |       |       |       |       |    58 |       |       ||    58
         Trishula          |       |       |       |       |       |       |       |       |   782 ||   782
         Staff             |       |       |       |       |       |       |       |       |     3 ||     3
   Fire: Orcbow            |       |       |     6 |       |       |       |       |       |       ||     6
  Throw: Stone             |     1 |       |     9 |     2 |       |       |       |       |       ||    12
         Throwing net      |       |       |       |     1 |       |     2 |       |       |       ||     3
         Dart              |       |       |       |    13 |     3 |    19 |    36 |     5 |       ||    76
         Javelin           |       |       |       |       |    48 |     4 |     9 |    45 |    90 ||   196
   Cast: Magic Dart        |    23 |    21 |    20 |     9 |       |       |       |       |       ||    73
         Call Imp          |    18 |    13 |    32 |    60 |    18 |     1 |       |       |       ||   142
         Blink             |     1 |       |     2 |    14 |     6 |     8 |     3 |    10 |    30 ||    74
         Mephitic Cloud    |       |     5 |    22 |    89 |    70 |     7 |    20 |     7 |       ||   220
         Stone Arrow       |       |       |       |    63 |       |       |       |       |       ||    63
         Animate Armour    |       |       |       |     5 |    39 |     3 |     3 |     5 |    29 ||    84
         Bombard           |       |       |       |       |    15 |    12 |    21 |   118 |    93 ||   259
         Freezing Cloud    |       |       |       |       |    46 |   237 |   206 |   158 |   125 ||   772
         Dispel Undead     |       |       |       |       |       |       |       |    96 |   150 ||   246
         Conjure Ball Ligh |       |       |       |       |       |       |       |    23 |    72 ||    95
         Lesser Beckoning  |       |       |       |       |       |       |       |    28 |   101 ||   129
         Yara's Violent Un |       |       |       |       |       |       |       |     9 |    26 ||    35
         Lehudib's Crystal |       |       |       |       |       |       |       |       |    86 ||    86
         Orb of Destructio |       |       |       |       |       |       |       |       |    57 ||    57
         Ignition          |       |       |       |       |       |       |       |       |    12 ||    12
         Apportation       |       |       |       |       |       |       |       |       |     1 ||     1
 Invoke: Slouch            |       |       |       |     2 |    12 |    13 |    12 |     4 |    60 ||   103
         Step From Time    |       |       |       |       |       |     2 |     2 |     3 |    12 ||    19
Ability: Spit Poison       |    14 |    11 |    14 |    26 |    20 |    21 |    24 |    17 |    12 ||   159
         Evoke Invisibilit |       |       |       |       |       |       |       |     1 |       ||     1
         Siphon Essence    |       |       |       |       |       |       |       |       |     3 ||     3
         Begin Untransform |       |       |       |       |       |       |       |       |     8 ||     8
  Evoke: Wand              |       |       |    13 |     3 |     4 |     5 |       |     5 |    24 ||    54
         Lightning rod     |       |       |       |       |    10 |     3 |       |       |     1 ||    14
         Phial of floods   |       |       |       |       |     1 |       |     1 |       |     2 ||     4
         Figurine of a zig |       |       |       |       |       |       |       |       |     1 ||     1
    Use: Scroll            |     1 |       |     4 |    12 |    14 |    17 |    12 |    13 |    75 ||   148
         Potion            |       |       |     1 |     5 |    11 |    11 |     1 |     7 |    30 ||    66
   Stab: Confused          |       |     3 |     5 |    57 |    27 |       |     3 |     6 |       ||   101
         Sleeping          |       |     1 |       |       |     7 |     4 |    13 |     9 |    53 ||    87
         Distracted        |       |       |     2 |     4 |       |     1 |     1 |     3 |    24 ||    35
         Petrified         |       |       |       |       |       |     1 |       |       |       ||     1
 Armour: Robe              |    30 |    39 |   149 |       |       |       |       |       |       ||   218
         Steam dragon scal |       |       |       |   200 |       |       |       |       |       ||   200
         Troll leather arm |       |       |       |   245 |   385 |       |       |       |       ||   630
         Plate armour      |       |       |       |    41 |   108 |       |       |       |       ||   149
         Scale mail        |       |       |       |       |   100 |   603 |   786 |   957 |       ||  2446
         Leather armour    |       |       |       |       |       |       |       |   102 |  4025 ||  4127
         Skin              |       |       |       |       |       |       |       |       |   569 ||   569
         Gold dragon scale |       |       |       |       |       |       |       |       |   161 ||   161
  Dodge: Dodged            |    18 |    31 |    99 |   242 |   243 |    98 |   149 |   221 |  1704 ||  2805
         Repelled          |       |       |       |       |       |       |       |       |    99 ||    99
  Block: Buckler           |       |       |       |       |    57 |     6 |       |       |       ||    63
         Tower shield      |       |       |       |       |       |   859 |  1321 |  1720 | 10677 || 14577
Riposte: Broad axe         |       |       |       |       |       |       |       |       |   953 ||   953
         Staff             |       |       |       |       |       |       |       |       |     6 ||     6
   Form: Death             |       |       |       |       |       |       |       |     1 |     5 ||     6
         Statue            |       |       |       |       |       |       |       |       |     2 ||     2

Table legend: (Time is in decaauts)
 A = Elapsed time spent in this place.
 B = Non-inter-level travel time spent in this place.
 C = Inter-level travel time spent in this place.
 D = Time resting spent in this place.
 E = Time spent auto-exploring this place.
 F = Levels seen in this place.
 G = Mean time per level.
                   A        B        C        D        E       F      G
               +--------+--------+--------+--------+--------+-----+--------+
         Total | 187040 | 154795 |  32245 |      0 |  68014 | 138 | 1355.4 |
       Dungeon |  27948 |  20604 |   7344 |      0 |  10205 |  15 | 1863.2 |
        Temple |     46 |      2 |     44 |      0 |      0 |   1 |   46.0 |
          Lair |  11780 |  10268 |   1512 |      0 |   6489 |   5 | 2356.0 |
        Shoals |   6939 |   5858 |   1081 |      0 |    967 |   4 | 1734.8 |
     Snake Pit |  11579 |  10009 |   1570 |      0 |   4537 |   4 | 2894.8 |
    Slime Pits |   6800 |   6063 |    737 |      0 |   4005 |   5 | 1360.0 |
  Orcish Mines |   2306 |   1934 |    372 |      0 |   1093 |   2 | 1153.0 |
   Elven Halls |   9833 |   8730 |   1103 |      0 |   3652 |   3 | 3277.7 |
        Vaults |  18257 |  13959 |   4298 |      0 |   7898 |   5 | 3651.4 |
         Crypt |   8803 |   6870 |   1933 |      0 |   3910 |   3 | 2934.3 |
          Tomb |   7825 |   5511 |   2314 |      0 |   2128 |   3 | 2608.3 |
        Depths |  14740 |  10152 |   4588 |      0 |   3802 |   4 | 3685.0 |
          Hell |   2094 |   1548 |    546 |      0 |    636 |   1 | 2094.0 |
           Dis |   6138 |   5716 |    422 |      0 |   2372 |   6 | 1023.0 |
       Gehenna |   7638 |   6824 |    814 |      0 |   3393 |   7 | 1091.1 |
       Cocytus |   6980 |   6055 |    925 |      0 |   2914 |   7 |  997.1 |
      Tartarus |   8015 |   7661 |    354 |      0 |   2233 |   6 | 1335.8 |
           Zot |  13939 |  11658 |   2281 |      0 |   6079 |   5 | 2787.8 |
         Abyss |   3294 |   3294 |      0 |      0 |    482 |  13 |  253.4 |
   Pandemonium |   5862 |   5862 |      0 |      0 |    429 |  15 |  390.8 |
      Ziggurat |   2249 |   2249 |      0 |      0 |    214 |  20 |  112.4 |
       Ossuary |    381 |    381 |      0 |      0 |    105 |   1 |  381.0 |
        Bailey |    720 |    720 |      0 |      0 |    205 |   1 |  720.0 |
        Wizlab |   1602 |   1602 |      0 |      0 |    242 |   1 | 1602.0 |
      Gauntlet |   1260 |   1260 |      0 |      0 |     16 |   1 | 1260.0 |
               +--------+--------+--------+--------+--------+-----+--------+

Top non-repeatable levels by time:
Vaults:3: 5329 daAuts
  Tomb:1: 5227 daAuts
    D:15: 5088 daAuts
   Tar:7: 4607 daAuts
Depths:3: 4390 daAuts
Depths:1: 4371 daAuts
   Dis:7: 4220 daAuts
 Snake:3: 4065 daAuts
 Crypt:2: 3863 daAuts
 Snake:4: 3809 daAuts
Vaults:4: 3793 daAuts
   Geh:7: 3763 daAuts
   Elf:2: 3337 daAuts
   Elf:3: 3328 daAuts
   Zot:4: 3303 daAuts
